%YAML 1.1
%TAG !u! tag:unity3d.com,2011:
--- !u!1 &158724647217656905
GameObject:
  m_ObjectHideFlags: 0
  m_CorrespondingSourceObject: {fileID: 0}
  m_PrefabInstance: {fileID: 0}
  m_PrefabAsset: {fileID: 0}
  serializedVersion: 6
  m_Component:
  - component: {fileID: 8470579640226925}
  - component: {fileID: 2263165690171288876}
  m_Layer: 0
  m_Name: FlameAngelfish_fins
  m_TagString: Untagged
  m_Icon: {fileID: 0}
  m_NavMeshLayer: 0
  m_StaticEditorFlags: 0
  m_IsActive: 1
--- !u!4 &8470579640226925
Transform:
  m_ObjectHideFlags: 0
  m_CorrespondingSourceObject: {fileID: 0}
  m_PrefabInstance: {fileID: 0}
  m_PrefabAsset: {fileID: 0}
  m_GameObject: {fileID: 158724647217656905}
  serializedVersion: 2
  m_LocalRotation: {x: 0, y: -0, z: -0, w: 1}
  m_LocalPosition: {x: -0, y: 0, z: 0}
  m_LocalScale: {x: 1, y: 1, z: 1}
  m_ConstrainProportionsScale: 0
  m_Children: []
  m_Father: {fileID: 5660847821636422466}
  m_LocalEulerAnglesHint: {x: 0, y: 0, z: 0}
--- !u!137 &2263165690171288876
SkinnedMeshRenderer:
  m_ObjectHideFlags: 0
  m_CorrespondingSourceObject: {fileID: 0}
  m_PrefabInstance: {fileID: 0}
  m_PrefabAsset: {fileID: 0}
  m_GameObject: {fileID: 158724647217656905}
  m_Enabled: 1
  m_CastShadows: 1
  m_ReceiveShadows: 1
  m_DynamicOccludee: 1
  m_StaticShadowCaster: 0
  m_MotionVectors: 1
  m_LightProbeUsage: 1
  m_ReflectionProbeUsage: 1
  m_RayTracingMode: 3
  m_RayTraceProcedural: 0
  m_RenderingLayerMask: 1
  m_RendererPriority: 0
  m_Materials:
  - {fileID: 2100000, guid: 0861e2e6be73fd745a00275bf264ee64, type: 2}
  m_StaticBatchInfo:
    firstSubMesh: 0
    subMeshCount: 0
  m_StaticBatchRoot: {fileID: 0}
  m_ProbeAnchor: {fileID: 0}
  m_LightProbeVolumeOverride: {fileID: 0}
  m_ScaleInLightmap: 1
  m_ReceiveGI: 1
  m_PreserveUVs: 0
  m_IgnoreNormalsForChartDetection: 0
  m_ImportantGI: 0
  m_StitchLightmapSeams: 1
  m_SelectedEditorRenderState: 3
  m_MinimumChartSize: 4
  m_AutoUVMaxDistance: 0.5
  m_AutoUVMaxAngle: 89
  m_LightmapParameters: {fileID: 0}
  m_SortingLayerID: 0
  m_SortingLayer: 0
  m_SortingOrder: 0
  serializedVersion: 2
  m_Quality: 0
  m_UpdateWhenOffscreen: 0
  m_SkinnedMotionVectors: 1
  m_Mesh: {fileID: 7032873911005440990, guid: 9644dbd8d0cbd404fbf7edf1f3230a40, type: 3}
  m_Bones:
  - {fileID: 201129509966112961}
  - {fileID: 5391579520449933945}
  - {fileID: 215001945744434663}
  - {fileID: 1439411070690831739}
  - {fileID: 1241119002378346156}
  - {fileID: 1568352567515766451}
  - {fileID: 7818578000812854433}
  - {fileID: 5683650900363780246}
  - {fileID: 4512302137854741426}
  - {fileID: 2077375226220172592}
  - {fileID: 7467475259062104510}
  - {fileID: 2091554292983501907}
  - {fileID: 8539664410856856554}
  - {fileID: 4435741850921096102}
  - {fileID: 4508983475842033027}
  - {fileID: 8695480281237403669}
  - {fileID: 2140640336260323256}
  - {fileID: 1313312160304546075}
  - {fileID: 3572221182858102025}
  - {fileID: 4635299547148380975}
  - {fileID: 2122521162734056146}
  - {fileID: 702573631887191222}
  - {fileID: 4144482681586247184}
  - {fileID: 1046362242674302796}
  - {fileID: 7504856104677183622}
  - {fileID: 4350744824984724727}
  - {fileID: 6117037674563138028}
  - {fileID: 883510695850987046}
  - {fileID: 3390820108834202325}
  - {fileID: 4839451283227720503}
  - {fileID: 2900123004657666482}
  - {fileID: 8450862910215420767}
  - {fileID: 593237137623067475}
  - {fileID: 2219530262829250234}
  - {fileID: 714938625759186949}
  - {fileID: 6356455133532101759}
  - {fileID: 704289394558912090}
  - {fileID: 3657582091910850332}
  - {fileID: 8429288114264675493}
  - {fileID: 4813545145478766709}
  - {fileID: 3393829362271392396}
  - {fileID: 5934748863712522256}
  - {fileID: 680448190023670600}
  - {fileID: 954442475317569515}
  - {fileID: 7264651566755931804}
  - {fileID: 1997112551909450404}
  - {fileID: 2644874731090227710}
  - {fileID: 3105395108825711929}
  - {fileID: 133059103320790659}
  - {fileID: 4852728541883410755}
  - {fileID: 2093430307231000115}
  - {fileID: 3651188544881554235}
  - {fileID: 1063072330951219823}
  - {fileID: 1928794224107844277}
  - {fileID: 3141746484388210260}
  - {fileID: 4699751227171121314}
  - {fileID: 8398835478779625917}
  - {fileID: 8861701457935005197}
  - {fileID: 7122845365166508759}
  - {fileID: 5350394170785177577}
  - {fileID: 4232440966346863051}
  - {fileID: 2577231468329662064}
  - {fileID: 188457153688203805}
  - {fileID: 5840781001845455012}
  - {fileID: 1217058183595412824}
  - {fileID: 8207713301804167229}
  - {fileID: 7141144888596721142}
  - {fileID: 6515972888741854391}
  - {fileID: 3335565444371526499}
  - {fileID: 6437757236988935291}
  - {fileID: 7870337827500533878}
  - {fileID: 831150718524682419}
  - {fileID: 3918282707155782603}
  - {fileID: 3348082543225130115}
  m_BlendShapeWeights: []
  m_RootBone: {fileID: 201129509966112961}
  m_AABB:
    m_Center: {x: -0.37274414, y: 0.1803182, z: -0.060369432}
    m_Extent: {x: 1.4954507, y: 0.60832596, z: 0.7732114}
  m_DirtyAABB: 0
--- !u!1 &268410946578793090
GameObject:
  m_ObjectHideFlags: 0
  m_CorrespondingSourceObject: {fileID: 0}
  m_PrefabInstance: {fileID: 0}
  m_PrefabAsset: {fileID: 0}
  serializedVersion: 6
  m_Component:
  - component: {fileID: 2091554292983501907}
  m_Layer: 0
  m_Name: FlameAngelfish_tail_3_tip
  m_TagString: Untagged
  m_Icon: {fileID: 0}
  m_NavMeshLayer: 0
  m_StaticEditorFlags: 0
  m_IsActive: 1
--- !u!4 &2091554292983501907
Transform:
  m_ObjectHideFlags: 0
  m_CorrespondingSourceObject: {fileID: 0}
  m_PrefabInstance: {fileID: 0}
  m_PrefabAsset: {fileID: 0}
  m_GameObject: {fileID: 268410946578793090}
  serializedVersion: 2
  m_LocalRotation: {x: 0, y: -0, z: -0, w: 1}
  m_LocalPosition: {x: -0.2895367, y: 7.460699e-16, z: 0}
  m_LocalScale: {x: 1, y: 1, z: 1}
  m_ConstrainProportionsScale: 0
  m_Children: []
  m_Father: {fileID: 7467475259062104510}
  m_LocalEulerAnglesHint: {x: 0, y: 0, z: 0}
--- !u!1 &382992559648409616
GameObject:
  m_ObjectHideFlags: 0
  m_CorrespondingSourceObject: {fileID: 0}
  m_PrefabInstance: {fileID: 0}
  m_PrefabAsset: {fileID: 0}
  serializedVersion: 6
  m_Component:
  - component: {fileID: 2577231468329662064}
  m_Layer: 0
  m_Name: FlameAngelfish_fin_r_3
  m_TagString: Untagged
  m_Icon: {fileID: 0}
  m_NavMeshLayer: 0
  m_StaticEditorFlags: 0
  m_IsActive: 1
--- !u!4 &2577231468329662064
Transform:
  m_ObjectHideFlags: 0
  m_CorrespondingSourceObject: {fileID: 0}
  m_PrefabInstance: {fileID: 0}
  m_PrefabAsset: {fileID: 0}
  m_GameObject: {fileID: 382992559648409616}
  serializedVersion: 2
  m_LocalRotation: {x: -0.16195787, y: 0.4241367, z: 0.4514059, w: 0.7681865}
  m_LocalPosition: {x: 0.0021673713, y: -0.046978083, z: 0.04291698}
  m_LocalScale: {x: 1, y: 1, z: 1}
  m_ConstrainProportionsScale: 0
  m_Children:
  - {fileID: 188457153688203805}
  m_Father: {fileID: 8398835478779625917}
  m_LocalEulerAnglesHint: {x: 0, y: 0, z: 0}
--- !u!1 &496096274371341819
GameObject:
  m_ObjectHideFlags: 0
  m_CorrespondingSourceObject: {fileID: 0}
  m_PrefabInstance: {fileID: 0}
  m_PrefabAsset: {fileID: 0}
  serializedVersion: 6
  m_Component:
  - component: {fileID: 4350744824984724727}
  m_Layer: 0
  m_Name: FlameAngelfish_spine_fin6_2
  m_TagString: Untagged
  m_Icon: {fileID: 0}
  m_NavMeshLayer: 0
  m_StaticEditorFlags: 0
  m_IsActive: 1
--- !u!4 &4350744824984724727
Transform:
  m_ObjectHideFlags: 0
  m_CorrespondingSourceObject: {fileID: 0}
  m_PrefabInstance: {fileID: 0}
  m_PrefabAsset: {fileID: 0}
  m_GameObject: {fileID: 496096274371341819}
  serializedVersion: 2
  m_LocalRotation: {x: 0, y: 0, z: 0.032871168, w: 0.9994596}
  m_LocalPosition: {x: -0.16334553, y: -2.4868996e-16, z: -9.8431416e-18}
  m_LocalScale: {x: 1, y: 1, z: 1}
  m_ConstrainProportionsScale: 0
  m_Children:
  - {fileID: 6117037674563138028}
  m_Father: {fileID: 7504856104677183622}
  m_LocalEulerAnglesHint: {x: 0, y: 0, z: 0}
--- !u!1 &534853600706201597
GameObject:
  m_ObjectHideFlags: 0
  m_CorrespondingSourceObject: {fileID: 0}
  m_PrefabInstance: {fileID: 0}
  m_PrefabAsset: {fileID: 0}
  serializedVersion: 6
  m_Component:
  - component: {fileID: 3348082543225130115}
  m_Layer: 0
  m_Name: FlameAngelfish_fin_l_4_tip
  m_TagString: Untagged
  m_Icon: {fileID: 0}
  m_NavMeshLayer: 0
  m_StaticEditorFlags: 0
  m_IsActive: 1
--- !u!4 &3348082543225130115
Transform:
  m_ObjectHideFlags: 0
  m_CorrespondingSourceObject: {fileID: 0}
  m_PrefabInstance: {fileID: 0}
  m_PrefabAsset: {fileID: 0}
  m_GameObject: {fileID: 534853600706201597}
  serializedVersion: 2
  m_LocalRotation: {x: -0.16313343, y: -0.6880316, z: -0.16313343, w: 0.6880316}
  m_LocalPosition: {x: -0.330387, y: 0.00086624396, z: -0.0008786944}
  m_LocalScale: {x: 1, y: 1, z: 1}
  m_ConstrainProportionsScale: 0
  m_Children: []
  m_Father: {fileID: 3918282707155782603}
  m_LocalEulerAnglesHint: {x: 0, y: 0, z: 0}
--- !u!1 &541904241318983333
GameObject:
  m_ObjectHideFlags: 0
  m_CorrespondingSourceObject: {fileID: 0}
  m_PrefabInstance: {fileID: 0}
  m_PrefabAsset: {fileID: 0}
  serializedVersion: 6
  m_Component:
  - component: {fileID: 1568352567515766451}
  m_Layer: 0
  m_Name: FlameAngelfish_spine_2
  m_TagString: Untagged
  m_Icon: {fileID: 0}
  m_NavMeshLayer: 0
  m_StaticEditorFlags: 0
  m_IsActive: 1
--- !u!4 &1568352567515766451
Transform:
  m_ObjectHideFlags: 0
  m_CorrespondingSourceObject: {fileID: 0}
  m_PrefabInstance: {fileID: 0}
  m_PrefabAsset: {fileID: 0}
  m_GameObject: {fileID: 541904241318983333}
  serializedVersion: 2
  m_LocalRotation: {x: 0.008518203, y: 0.005952619, z: -0.00005070836, w: 0.999946}
  m_LocalPosition: {x: -0.35, y: 8.7041487e-16, z: -2.4868996e-16}
  m_LocalScale: {x: 1, y: 1, z: 1}
  m_ConstrainProportionsScale: 0
  m_Children:
  - {fileID: 7818578000812854433}
  - {fileID: 8450862910215420767}
  - {fileID: 2219530262829250234}
  m_Father: {fileID: 1241119002378346156}
  m_LocalEulerAnglesHint: {x: 0, y: 0, z: 0}
--- !u!1 &617739487108120878
GameObject:
  m_ObjectHideFlags: 0
  m_CorrespondingSourceObject: {fileID: 0}
  m_PrefabInstance: {fileID: 0}
  m_PrefabAsset: {fileID: 0}
  serializedVersion: 6
  m_Component:
  - component: {fileID: 704289394558912090}
  m_Layer: 0
  m_Name: FlameAngelfish_spine_fin2_tip
  m_TagString: Untagged
  m_Icon: {fileID: 0}
  m_NavMeshLayer: 0
  m_StaticEditorFlags: 0
  m_IsActive: 1
--- !u!4 &704289394558912090
Transform:
  m_ObjectHideFlags: 0
  m_CorrespondingSourceObject: {fileID: 0}
  m_PrefabInstance: {fileID: 0}
  m_PrefabAsset: {fileID: 0}
  m_GameObject: {fileID: 617739487108120878}
  serializedVersion: 2
  m_LocalRotation: {x: 0, y: -0, z: -0, w: 1}
  m_LocalPosition: {x: -0.19264032, y: 2.4868996e-16, z: -1.8171954e-17}
  m_LocalScale: {x: 1, y: 1, z: 1}
  m_ConstrainProportionsScale: 0
  m_Children: []
  m_Father: {fileID: 6356455133532101759}
  m_LocalEulerAnglesHint: {x: 0, y: 0, z: 0}
--- !u!1 &633879811866700110
GameObject:
  m_ObjectHideFlags: 0
  m_CorrespondingSourceObject: {fileID: 0}
  m_PrefabInstance: {fileID: 0}
  m_PrefabAsset: {fileID: 0}
  serializedVersion: 6
  m_Component:
  - component: {fileID: 4839451283227720503}
  m_Layer: 0
  m_Name: FlameAngelfish_fin_pectoral2
  m_TagString: Untagged
  m_Icon: {fileID: 0}
  m_NavMeshLayer: 0
  m_StaticEditorFlags: 0
  m_IsActive: 1
--- !u!4 &4839451283227720503
Transform:
  m_ObjectHideFlags: 0
  m_CorrespondingSourceObject: {fileID: 0}
  m_PrefabInstance: {fileID: 0}
  m_PrefabAsset: {fileID: 0}
  m_GameObject: {fileID: 633879811866700110}
  serializedVersion: 2
  m_LocalRotation: {x: -0.08248098, y: 0.15016407, z: 0.4743109, w: 0.8635258}
  m_LocalPosition: {x: -0.12458171, y: -0.6311487, z: 8.8717283e-16}
  m_LocalScale: {x: 1, y: 1, z: 1}
  m_ConstrainProportionsScale: 0
  m_Children:
  - {fileID: 2900123004657666482}
  m_Father: {fileID: 7818578000812854433}
  m_LocalEulerAnglesHint: {x: 0, y: 0, z: 0}
--- !u!1 &663818152070285673
GameObject:
  m_ObjectHideFlags: 0
  m_CorrespondingSourceObject: {fileID: 0}
  m_PrefabInstance: {fileID: 0}
  m_PrefabAsset: {fileID: 0}
  serializedVersion: 6
  m_Component:
  - component: {fileID: 4813545145478766709}
  m_Layer: 0
  m_Name: FlameAngelfish_head
  m_TagString: Untagged
  m_Icon: {fileID: 0}
  m_NavMeshLayer: 0
  m_StaticEditorFlags: 0
  m_IsActive: 1
--- !u!4 &4813545145478766709
Transform:
  m_ObjectHideFlags: 0
  m_CorrespondingSourceObject: {fileID: 0}
  m_PrefabInstance: {fileID: 0}
  m_PrefabAsset: {fileID: 0}
  m_GameObject: {fileID: 663818152070285673}
  serializedVersion: 2
  m_LocalRotation: {x: 0.05695405, y: 0.6716273, z: 0.05582507, w: 0.7365844}
  m_LocalPosition: {x: 0.02108933, y: 1.2434498e-16, z: 1.2434498e-16}
  m_LocalScale: {x: 1, y: 1, z: 1}
  m_ConstrainProportionsScale: 0
  m_Children:
  - {fileID: 3393829362271392396}
  - {fileID: 5934748863712522256}
  - {fileID: 5012993320714436111}
  - {fileID: 7041612003437695264}
  - {fileID: 680448190023670600}
  - {fileID: 4967714539996208903}
  m_Father: {fileID: 5391579520449933945}
  m_LocalEulerAnglesHint: {x: 0, y: 0, z: 0}
--- !u!1 &755946747343460752
GameObject:
  m_ObjectHideFlags: 0
  m_CorrespondingSourceObject: {fileID: 0}
  m_PrefabInstance: {fileID: 0}
  m_PrefabAsset: {fileID: 0}
  serializedVersion: 6
  m_Component:
  - component: {fileID: 7504856104677183622}
  m_Layer: 0
  m_Name: FlameAngelfish_spine_fin6
  m_TagString: Untagged
  m_Icon: {fileID: 0}
  m_NavMeshLayer: 0
  m_StaticEditorFlags: 0
  m_IsActive: 1
--- !u!4 &7504856104677183622
Transform:
  m_ObjectHideFlags: 0
  m_CorrespondingSourceObject: {fileID: 0}
  m_PrefabInstance: {fileID: 0}
  m_PrefabAsset: {fileID: 0}
  m_GameObject: {fileID: 755946747343460752}
  serializedVersion: 2
  m_LocalRotation: {x: 0.07608886, y: 0.13040866, z: -0.49817857, w: 0.853828}
  m_LocalPosition: {x: -0.20308185, y: 0.68272686, z: -1.1191048e-15}
  m_LocalScale: {x: 1, y: 1, z: 1}
  m_ConstrainProportionsScale: 0
  m_Children:
  - {fileID: 4350744824984724727}
  m_Father: {fileID: 7818578000812854433}
  m_LocalEulerAnglesHint: {x: 0, y: 0, z: 0}
--- !u!1 &854235061804796068
GameObject:
  m_ObjectHideFlags: 0
  m_CorrespondingSourceObject: {fileID: 0}
  m_PrefabInstance: {fileID: 0}
  m_PrefabAsset: {fileID: 0}
  serializedVersion: 6
  m_Component:
  - component: {fileID: 3651188544881554235}
  m_Layer: 0
  m_Name: FlameAngelfish_fin_pectoralFront_l_2
  m_TagString: Untagged
  m_Icon: {fileID: 0}
  m_NavMeshLayer: 0
  m_StaticEditorFlags: 0
  m_IsActive: 1
--- !u!4 &3651188544881554235
Transform:
  m_ObjectHideFlags: 0
  m_CorrespondingSourceObject: {fileID: 0}
  m_PrefabInstance: {fileID: 0}
  m_PrefabAsset: {fileID: 0}
  m_GameObject: {fileID: 854235061804796068}
  serializedVersion: 2
  m_LocalRotation: {x: -0.0070798835, y: -0.043394364, z: -0.04424698, w: 0.9980526}
  m_LocalPosition: {x: -0.07444884, y: 0.00039351842, z: 0.0038771247}
  m_LocalScale: {x: 1, y: 1, z: 1}
  m_ConstrainProportionsScale: 0
  m_Children:
  - {fileID: 1063072330951219823}
  m_Father: {fileID: 2093430307231000115}
  m_LocalEulerAnglesHint: {x: 0, y: 0, z: 0}
--- !u!1 &870062539235434049
GameObject:
  m_ObjectHideFlags: 0
  m_CorrespondingSourceObject: {fileID: 0}
  m_PrefabInstance: {fileID: 0}
  m_PrefabAsset: {fileID: 0}
  serializedVersion: 6
  m_Component:
  - component: {fileID: 4852728541883410755}
  m_Layer: 0
  m_Name: FlameAngelfish_fin_pectoralFront_r_tip
  m_TagString: Untagged
  m_Icon: {fileID: 0}
  m_NavMeshLayer: 0
  m_StaticEditorFlags: 0
  m_IsActive: 1
--- !u!4 &4852728541883410755
Transform:
  m_ObjectHideFlags: 0
  m_CorrespondingSourceObject: {fileID: 0}
  m_PrefabInstance: {fileID: 0}
  m_PrefabAsset: {fileID: 0}
  m_GameObject: {fileID: 870062539235434049}
  serializedVersion: 2
  m_LocalRotation: {x: 0.41178295, y: 0.5862812, z: -0.40097833, w: 0.57089895}
  m_LocalPosition: {x: -0.1851035, y: -8.548717e-17, z: 9.933027e-17}
  m_LocalScale: {x: 1, y: 1, z: 1}
  m_ConstrainProportionsScale: 0
  m_Children: []
  m_Father: {fileID: 133059103320790659}
  m_LocalEulerAnglesHint: {x: 0, y: 0, z: 0}
--- !u!1 &898779867749379113
GameObject:
  m_ObjectHideFlags: 0
  m_CorrespondingSourceObject: {fileID: 0}
  m_PrefabInstance: {fileID: 0}
  m_PrefabAsset: {fileID: 0}
  serializedVersion: 6
  m_Component:
  - component: {fileID: 5683650900363780246}
  m_Layer: 0
  m_Name: FlameAngelfish_spine_4
  m_TagString: Untagged
  m_Icon: {fileID: 0}
  m_NavMeshLayer: 0
  m_StaticEditorFlags: 0
  m_IsActive: 1
--- !u!4 &5683650900363780246
Transform:
  m_ObjectHideFlags: 0
  m_CorrespondingSourceObject: {fileID: 0}
  m_PrefabInstance: {fileID: 0}
  m_PrefabAsset: {fileID: 0}
  m_GameObject: {fileID: 898779867749379113}
  serializedVersion: 2
  m_LocalRotation: {x: 0.010891133, y: 0.07672822, z: -0.1266883, w: 0.9889107}
  m_LocalPosition: {x: -0.35, y: 1.1191048e-15, z: -1.2434498e-16}
  m_LocalScale: {x: 1, y: 1, z: 1}
  m_ConstrainProportionsScale: 0
  m_Children:
  - {fileID: 3572221182858102025}
  - {fileID: 702573631887191222}
  - {fileID: 8539664410856856554}
  - {fileID: 8695480281237403669}
  - {fileID: 4512302137854741426}
  m_Father: {fileID: 7818578000812854433}
  m_LocalEulerAnglesHint: {x: 0, y: 0, z: 0}
--- !u!1 &908113110298435046
GameObject:
  m_ObjectHideFlags: 0
  m_CorrespondingSourceObject: {fileID: 0}
  m_PrefabInstance: {fileID: 0}
  m_PrefabAsset: {fileID: 0}
  serializedVersion: 6
  m_Component:
  - component: {fileID: 8861701457935005197}
  m_Layer: 0
  m_Name: FlameAngelfish_fin_r_1
  m_TagString: Untagged
  m_Icon: {fileID: 0}
  m_NavMeshLayer: 0
  m_StaticEditorFlags: 0
  m_IsActive: 1
--- !u!4 &8861701457935005197
Transform:
  m_ObjectHideFlags: 0
  m_CorrespondingSourceObject: {fileID: 0}
  m_PrefabInstance: {fileID: 0}
  m_PrefabAsset: {fileID: 0}
  m_GameObject: {fileID: 908113110298435046}
  serializedVersion: 2
  m_LocalRotation: {x: -0.22736825, y: 0.29161006, z: 0.28966925, w: 0.8828131}
  m_LocalPosition: {x: -0.084111914, y: 0.021287968, z: 0.043779943}
  m_LocalScale: {x: 1, y: 1, z: 1}
  m_ConstrainProportionsScale: 0
  m_Children:
  - {fileID: 7122845365166508759}
  m_Father: {fileID: 8398835478779625917}
  m_LocalEulerAnglesHint: {x: 0, y: 0, z: 0}
--- !u!1 &1090568227051016105
GameObject:
  m_ObjectHideFlags: 0
  m_CorrespondingSourceObject: {fileID: 0}
  m_PrefabInstance: {fileID: 0}
  m_PrefabAsset: {fileID: 0}
  serializedVersion: 6
  m_Component:
  - component: {fileID: 7122845365166508759}
  m_Layer: 0
  m_Name: FlameAngelfish_fin_r_1_tip
  m_TagString: Untagged
  m_Icon: {fileID: 0}
  m_NavMeshLayer: 0
  m_StaticEditorFlags: 0
  m_IsActive: 1
--- !u!4 &7122845365166508759
Transform:
  m_ObjectHideFlags: 0
  m_CorrespondingSourceObject: {fileID: 0}
  m_PrefabInstance: {fileID: 0}
  m_PrefabAsset: {fileID: 0}
  m_GameObject: {fileID: 1090568227051016105}
  serializedVersion: 2
  m_LocalRotation: {x: -0.10271735, y: 0.6996064, z: 0.10271735, w: 0.6996064}
  m_LocalPosition: {x: -0.74681735, y: 0.032495383, z: -0.001237642}
  m_LocalScale: {x: 1, y: 1, z: 1}
  m_ConstrainProportionsScale: 0
  m_Children: []
  m_Father: {fileID: 8861701457935005197}
  m_LocalEulerAnglesHint: {x: 0, y: 0, z: 0}
--- !u!1 &1107175766658424542
GameObject:
  m_ObjectHideFlags: 0
  m_CorrespondingSourceObject: {fileID: 0}
  m_PrefabInstance: {fileID: 0}
  m_PrefabAsset: {fileID: 0}
  serializedVersion: 6
  m_Component:
  - component: {fileID: 7264651566755931804}
  m_Layer: 0
  m_Name: FlameAngelfish_fin_pectoralFront_r_1
  m_TagString: Untagged
  m_Icon: {fileID: 0}
  m_NavMeshLayer: 0
  m_StaticEditorFlags: 0
  m_IsActive: 1
--- !u!4 &7264651566755931804
Transform:
  m_ObjectHideFlags: 0
  m_CorrespondingSourceObject: {fileID: 0}
  m_PrefabInstance: {fileID: 0}
  m_PrefabAsset: {fileID: 0}
  m_GameObject: {fileID: 1107175766658424542}
  serializedVersion: 2
  m_LocalRotation: {x: -0.036179025, y: -0.1171624, z: 0.21809673, w: 0.9681931}
  m_LocalPosition: {x: -0.017068535, y: -0.6658234, z: -0.035911616}
  m_LocalScale: {x: 1, y: 1, z: 1}
  m_ConstrainProportionsScale: 0
  m_Children:
  - {fileID: 1997112551909450404}
  m_Father: {fileID: 5391579520449933945}
  m_LocalEulerAnglesHint: {x: 0, y: 0, z: 0}
--- !u!1 &1161763876699577076
GameObject:
  m_ObjectHideFlags: 0
  m_CorrespondingSourceObject: {fileID: 0}
  m_PrefabInstance: {fileID: 0}
  m_PrefabAsset: {fileID: 0}
  serializedVersion: 6
  m_Component:
  - component: {fileID: 7141144888596721142}
  m_Layer: 0
  m_Name: FlameAngelfish_fin_l_1
  m_TagString: Untagged
  m_Icon: {fileID: 0}
  m_NavMeshLayer: 0
  m_StaticEditorFlags: 0
  m_IsActive: 1
--- !u!4 &7141144888596721142
Transform:
  m_ObjectHideFlags: 0
  m_CorrespondingSourceObject: {fileID: 0}
  m_PrefabInstance: {fileID: 0}
  m_PrefabAsset: {fileID: 0}
  m_GameObject: {fileID: 1161763876699577076}
  serializedVersion: 2
  m_LocalRotation: {x: 0.23867366, y: -0.34701285, z: 0.3135881, w: 0.8510461}
  m_LocalPosition: {x: -0.0884203, y: 0.0076921894, z: -0.027442992}
  m_LocalScale: {x: 1, y: 1, z: 1}
  m_ConstrainProportionsScale: 0
  m_Children:
  - {fileID: 6515972888741854391}
  m_Father: {fileID: 8207713301804167229}
  m_LocalEulerAnglesHint: {x: 0, y: 0, z: 0}
--- !u!1 &1223595769305985118
GameObject:
  m_ObjectHideFlags: 0
  m_CorrespondingSourceObject: {fileID: 0}
  m_PrefabInstance: {fileID: 0}
  m_PrefabAsset: {fileID: 0}
  serializedVersion: 6
  m_Component:
  - component: {fileID: 3657582091910850332}
  m_Layer: 0
  m_Name: FlameAngelfish_spine_fin3
  m_TagString: Untagged
  m_Icon: {fileID: 0}
  m_NavMeshLayer: 0
  m_StaticEditorFlags: 0
  m_IsActive: 1
--- !u!4 &3657582091910850332
Transform:
  m_ObjectHideFlags: 0
  m_CorrespondingSourceObject: {fileID: 0}
  m_PrefabInstance: {fileID: 0}
  m_PrefabAsset: {fileID: 0}
  m_GameObject: {fileID: 1223595769305985118}
  serializedVersion: 2
  m_LocalRotation: {x: 0.07622326, y: 0.13033016, z: -0.49905854, w: 0.853314}
  m_LocalPosition: {x: -0.20024195, y: 0.8048355, z: -1.2434498e-15}
  m_LocalScale: {x: 1, y: 1, z: 1}
  m_ConstrainProportionsScale: 0
  m_Children:
  - {fileID: 8429288114264675493}
  m_Father: {fileID: 1241119002378346156}
  m_LocalEulerAnglesHint: {x: 0, y: 0, z: 0}
--- !u!1 &1299117491336401437
GameObject:
  m_ObjectHideFlags: 0
  m_CorrespondingSourceObject: {fileID: 0}
  m_PrefabInstance: {fileID: 0}
  m_PrefabAsset: {fileID: 0}
  serializedVersion: 6
  m_Component:
  - component: {fileID: 4144482681586247184}
  m_Layer: 0
  m_Name: FlameAngelfish_fin_pectoral4_2
  m_TagString: Untagged
  m_Icon: {fileID: 0}
  m_NavMeshLayer: 0
  m_StaticEditorFlags: 0
  m_IsActive: 1
--- !u!4 &4144482681586247184
Transform:
  m_ObjectHideFlags: 0
  m_CorrespondingSourceObject: {fileID: 0}
  m_PrefabInstance: {fileID: 0}
  m_PrefabAsset: {fileID: 0}
  m_GameObject: {fileID: 1299117491336401437}
  serializedVersion: 2
  m_LocalRotation: {x: 0.0077302563, y: 0.17873035, z: -0.04251346, w: 0.9829488}
  m_LocalPosition: {x: -0.38246942, y: 2.4868995e-15, z: 3.2640558e-16}
  m_LocalScale: {x: 1, y: 1, z: 1}
  m_ConstrainProportionsScale: 0
  m_Children:
  - {fileID: 1046362242674302796}
  m_Father: {fileID: 702573631887191222}
  m_LocalEulerAnglesHint: {x: 0, y: 0, z: 0}
--- !u!1 &1530850776459562434
GameObject:
  m_ObjectHideFlags: 0
  m_CorrespondingSourceObject: {fileID: 0}
  m_PrefabInstance: {fileID: 0}
  m_PrefabAsset: {fileID: 0}
  serializedVersion: 6
  m_Component:
  - component: {fileID: 3335565444371526499}
  m_Layer: 0
  m_Name: FlameAngelfish_fin_l_2
  m_TagString: Untagged
  m_Icon: {fileID: 0}
  m_NavMeshLayer: 0
  m_StaticEditorFlags: 0
  m_IsActive: 1
--- !u!4 &3335565444371526499
Transform:
  m_ObjectHideFlags: 0
  m_CorrespondingSourceObject: {fileID: 0}
  m_PrefabInstance: {fileID: 0}
  m_PrefabAsset: {fileID: 0}
  m_GameObject: {fileID: 1530850776459562434}
  serializedVersion: 2
  m_LocalRotation: {x: 0.18633968, y: -0.28756994, z: 0.40189996, w: 0.8491511}
  m_LocalPosition: {x: -0.054181207, y: -0.026091674, z: -0.0354686}
  m_LocalScale: {x: 1, y: 1, z: 1}
  m_ConstrainProportionsScale: 0
  m_Children:
  - {fileID: 6437757236988935291}
  m_Father: {fileID: 8207713301804167229}
  m_LocalEulerAnglesHint: {x: 0, y: 0, z: 0}
--- !u!1 &1739918727170323463
GameObject:
  m_ObjectHideFlags: 0
  m_CorrespondingSourceObject: {fileID: 0}
  m_PrefabInstance: {fileID: 0}
  m_PrefabAsset: {fileID: 0}
  serializedVersion: 6
  m_Component:
  - component: {fileID: 4699751227171121314}
  m_Layer: 0
  m_Name: FlameAngelfish_fin_pectoralFront_l_tip
  m_TagString: Untagged
  m_Icon: {fileID: 0}
  m_NavMeshLayer: 0
  m_StaticEditorFlags: 0
  m_IsActive: 1
--- !u!4 &4699751227171121314
Transform:
  m_ObjectHideFlags: 0
  m_CorrespondingSourceObject: {fileID: 0}
  m_PrefabInstance: {fileID: 0}
  m_PrefabAsset: {fileID: 0}
  m_GameObject: {fileID: 1739918727170323463}
  serializedVersion: 2
  m_LocalRotation: {x: -0.4176645, y: -0.59573776, z: -0.39382896, w: 0.56173986}
  m_LocalPosition: {x: -0.18536727, y: 3.8857805e-17, z: 2.8026192e-16}
  m_LocalScale: {x: 1, y: 1, z: 1}
  m_ConstrainProportionsScale: 0
  m_Children: []
  m_Father: {fileID: 3141746484388210260}
  m_LocalEulerAnglesHint: {x: 0, y: 0, z: 0}
--- !u!1 &1740414769335025640
GameObject:
  m_ObjectHideFlags: 0
  m_CorrespondingSourceObject: {fileID: 0}
  m_PrefabInstance: {fileID: 0}
  m_PrefabAsset: {fileID: 0}
  serializedVersion: 6
  m_Component:
  - component: {fileID: 5840781001845455012}
  m_Layer: 0
  m_Name: FlameAngelfish_fin_r_2
  m_TagString: Untagged
  m_Icon: {fileID: 0}
  m_NavMeshLayer: 0
  m_StaticEditorFlags: 0
  m_IsActive: 1
--- !u!4 &5840781001845455012
Transform:
  m_ObjectHideFlags: 0
  m_CorrespondingSourceObject: {fileID: 0}
  m_PrefabInstance: {fileID: 0}
  m_PrefabAsset: {fileID: 0}
  m_GameObject: {fileID: 1740414769335025640}
  serializedVersion: 2
  m_LocalRotation: {x: -0.21883303, y: 0.382338, z: 0.3367974, w: 0.8321642}
  m_LocalPosition: {x: -0.046863973, y: -0.00922128, z: 0.046543993}
  m_LocalScale: {x: 1, y: 1, z: 1}
  m_ConstrainProportionsScale: 0
  m_Children:
  - {fileID: 1217058183595412824}
  m_Father: {fileID: 8398835478779625917}
  m_LocalEulerAnglesHint: {x: 0, y: 0, z: 0}
--- !u!1 &1766264700410883312
GameObject:
  m_ObjectHideFlags: 0
  m_CorrespondingSourceObject: {fileID: 0}
  m_PrefabInstance: {fileID: 0}
  m_PrefabAsset: {fileID: 0}
  serializedVersion: 6
  m_Component:
  - component: {fileID: 954442475317569515}
  m_Layer: 0
  m_Name: FlameAngelfish_jaw_tip
  m_TagString: Untagged
  m_Icon: {fileID: 0}
  m_NavMeshLayer: 0
  m_StaticEditorFlags: 0
  m_IsActive: 1
--- !u!4 &954442475317569515
Transform:
  m_ObjectHideFlags: 0
  m_CorrespondingSourceObject: {fileID: 0}
  m_PrefabInstance: {fileID: 0}
  m_PrefabAsset: {fileID: 0}
  m_GameObject: {fileID: 1766264700410883312}
  serializedVersion: 2
  m_LocalRotation: {x: 0, y: -0, z: -0, w: 1}
  m_LocalPosition: {x: 0.14124878, y: -0.03487624, z: 0}
  m_LocalScale: {x: 1, y: 1, z: 1}
  m_ConstrainProportionsScale: 0
  m_Children: []
  m_Father: {fileID: 680448190023670600}
  m_LocalEulerAnglesHint: {x: 0, y: 0, z: 0}
--- !u!1 &2099365147264535622
GameObject:
  m_ObjectHideFlags: 0
  m_CorrespondingSourceObject: {fileID: 0}
  m_PrefabInstance: {fileID: 0}
  m_PrefabAsset: {fileID: 0}
  serializedVersion: 6
  m_Component:
  - component: {fileID: 188457153688203805}
  m_Layer: 0
  m_Name: FlameAngelfish_fin_r_3_tip
  m_TagString: Untagged
  m_Icon: {fileID: 0}
  m_NavMeshLayer: 0
  m_StaticEditorFlags: 0
  m_IsActive: 1
--- !u!4 &188457153688203805
Transform:
  m_ObjectHideFlags: 0
  m_CorrespondingSourceObject: {fileID: 0}
  m_PrefabInstance: {fileID: 0}
  m_PrefabAsset: {fileID: 0}
  m_GameObject: {fileID: 2099365147264535622}
  serializedVersion: 2
  m_LocalRotation: {x: 0.058396433, y: 0.70469135, z: -0.058396433, w: 0.70469135}
  m_LocalPosition: {x: -0.54916817, y: 0.006860881, z: -0.0027042797}
  m_LocalScale: {x: 1, y: 1, z: 1}
  m_ConstrainProportionsScale: 0
  m_Children: []
  m_Father: {fileID: 2577231468329662064}
  m_LocalEulerAnglesHint: {x: 0, y: 0, z: 0}
--- !u!1 &2343902258263664376
GameObject:
  m_ObjectHideFlags: 0
  m_CorrespondingSourceObject: {fileID: 0}
  m_PrefabInstance: {fileID: 0}
  m_PrefabAsset: {fileID: 0}
  serializedVersion: 6
  m_Component:
  - component: {fileID: 4508983475842033027}
  m_Layer: 0
  m_Name: FlameAngelfish_spine_fin7_3
  m_TagString: Untagged
  m_Icon: {fileID: 0}
  m_NavMeshLayer: 0
  m_StaticEditorFlags: 0
  m_IsActive: 1
--- !u!4 &4508983475842033027
Transform:
  m_ObjectHideFlags: 0
  m_CorrespondingSourceObject: {fileID: 0}
  m_PrefabInstance: {fileID: 0}
  m_PrefabAsset: {fileID: 0}
  m_GameObject: {fileID: 2343902258263664376}
  serializedVersion: 2
  m_LocalRotation: {x: 0, y: -0, z: -0, w: 1}
  m_LocalPosition: {x: -0.34999326, y: -1.2434498e-15, z: -2.915084e-17}
  m_LocalScale: {x: 1, y: 1, z: 1}
  m_ConstrainProportionsScale: 0
  m_Children: []
  m_Father: {fileID: 4435741850921096102}
  m_LocalEulerAnglesHint: {x: 0, y: 0, z: 0}
--- !u!1 &2611313824276062469
GameObject:
  m_ObjectHideFlags: 0
  m_CorrespondingSourceObject: {fileID: 0}
  m_PrefabInstance: {fileID: 0}
  m_PrefabAsset: {fileID: 0}
  serializedVersion: 6
  m_Component:
  - component: {fileID: 714938625759186949}
  m_Layer: 0
  m_Name: FlameAngelfish_spine_fin5_tip
  m_TagString: Untagged
  m_Icon: {fileID: 0}
  m_NavMeshLayer: 0
  m_StaticEditorFlags: 0
  m_IsActive: 1
--- !u!4 &714938625759186949
Transform:
  m_ObjectHideFlags: 0
  m_CorrespondingSourceObject: {fileID: 0}
  m_PrefabInstance: {fileID: 0}
  m_PrefabAsset: {fileID: 0}
  m_GameObject: {fileID: 2611313824276062469}
  serializedVersion: 2
  m_LocalRotation: {x: 0, y: -0, z: -0, w: 1}
  m_LocalPosition: {x: -0.28210843, y: 0, z: -2.0630326e-17}
  m_LocalScale: {x: 1, y: 1, z: 1}
  m_ConstrainProportionsScale: 0
  m_Children: []
  m_Father: {fileID: 2219530262829250234}
  m_LocalEulerAnglesHint: {x: 0, y: 0, z: 0}
--- !u!1 &2648521945605989203
GameObject:
  m_ObjectHideFlags: 0
  m_CorrespondingSourceObject: {fileID: 0}
  m_PrefabInstance: {fileID: 0}
  m_PrefabAsset: {fileID: 0}
  serializedVersion: 6
  m_Component:
  - component: {fileID: 5660847821636422466}
  - component: {fileID: 6865044883027548210}
  m_Layer: 0
  m_Name: FlameAngelfish
  m_TagString: Untagged
  m_Icon: {fileID: 0}
  m_NavMeshLayer: 0
  m_StaticEditorFlags: 0
  m_IsActive: 1
--- !u!4 &5660847821636422466
Transform:
  m_ObjectHideFlags: 0
  m_CorrespondingSourceObject: {fileID: 0}
  m_PrefabInstance: {fileID: 0}
  m_PrefabAsset: {fileID: 0}
  m_GameObject: {fileID: 2648521945605989203}
  serializedVersion: 2
  m_LocalRotation: {x: -0, y: 0.65887195, z: -0, w: 0.7522552}
  m_LocalPosition: {x: 0.097316, y: -1.7847, z: -5.355}
  m_LocalScale: {x: 3.9581463, y: 3.9581463, z: 3.9581463}
  m_ConstrainProportionsScale: 0
  m_Children:
  - {fileID: 1346592160695774659}
  - {fileID: 8470579640226925}
  - {fileID: 201129509966112961}
  m_Father: {fileID: 8153369254830608822}
  m_LocalEulerAnglesHint: {x: 0, y: 82.428, z: 0}
--- !u!95 &6865044883027548210
Animator:
  serializedVersion: 5
  m_ObjectHideFlags: 0
  m_CorrespondingSourceObject: {fileID: 0}
  m_PrefabInstance: {fileID: 0}
  m_PrefabAsset: {fileID: 0}
  m_GameObject: {fileID: 2648521945605989203}
  m_Enabled: 1
  m_Avatar: {fileID: 0}
  m_Controller: {fileID: 9100000, guid: 1dc154e8a45975543bdd52d8fcfd099c, type: 2}
  m_CullingMode: 0
  m_UpdateMode: 0
  m_ApplyRootMotion: 0
  m_LinearVelocityBlending: 0
  m_StabilizeFeet: 0
  m_WarningMessage: 
  m_HasTransformHierarchy: 1
  m_AllowConstantClipSamplingOptimization: 1
  m_KeepAnimatorStateOnDisable: 0
  m_WriteDefaultValuesOnDisable: 0
--- !u!1 &2797792591414244610
GameObject:
  m_ObjectHideFlags: 0
  m_CorrespondingSourceObject: {fileID: 0}
  m_PrefabInstance: {fileID: 0}
  m_PrefabAsset: {fileID: 0}
  serializedVersion: 6
  m_Component:
  - component: {fileID: 201129509966112961}
  m_Layer: 0
  m_Name: FlameAngelfish_root
  m_TagString: Untagged
  m_Icon: {fileID: 0}
  m_NavMeshLayer: 0
  m_StaticEditorFlags: 0
  m_IsActive: 1
--- !u!4 &201129509966112961
Transform:
  m_ObjectHideFlags: 0
  m_CorrespondingSourceObject: {fileID: 0}
  m_PrefabInstance: {fileID: 0}
  m_PrefabAsset: {fileID: 0}
  m_GameObject: {fileID: 2797792591414244610}
  serializedVersion: 2
  m_LocalRotation: {x: 0, y: -0, z: -0, w: 1}
  m_LocalPosition: {x: -0, y: 0, z: 0}
  m_LocalScale: {x: 1, y: 1, z: 1}
  m_ConstrainProportionsScale: 0
  m_Children:
  - {fileID: 5391579520449933945}
  m_Father: {fileID: 5660847821636422466}
  m_LocalEulerAnglesHint: {x: 0, y: 0, z: 0}
--- !u!1 &2803157551838683041
GameObject:
  m_ObjectHideFlags: 0
  m_CorrespondingSourceObject: {fileID: 0}
  m_PrefabInstance: {fileID: 0}
  m_PrefabAsset: {fileID: 0}
  serializedVersion: 6
  m_Component:
  - component: {fileID: 6356455133532101759}
  m_Layer: 0
  m_Name: FlameAngelfish_spine_fin2
  m_TagString: Untagged
  m_Icon: {fileID: 0}
  m_NavMeshLayer: 0
  m_StaticEditorFlags: 0
  m_IsActive: 1
--- !u!4 &6356455133532101759
Transform:
  m_ObjectHideFlags: 0
  m_CorrespondingSourceObject: {fileID: 0}
  m_PrefabInstance: {fileID: 0}
  m_PrefabAsset: {fileID: 0}
  m_GameObject: {fileID: 2803157551838683041}
  serializedVersion: 2
  m_LocalRotation: {x: 0, y: -0, z: -0.43713754, w: 0.8993947}
  m_LocalPosition: {x: 0.073343374, y: 0.7847417, z: -1.2434498e-15}
  m_LocalScale: {x: 1, y: 1, z: 1}
  m_ConstrainProportionsScale: 0
  m_Children:
  - {fileID: 704289394558912090}
  m_Father: {fileID: 1241119002378346156}
  m_LocalEulerAnglesHint: {x: 0, y: 0, z: 0}
--- !u!1 &2807891996519243018
GameObject:
  m_ObjectHideFlags: 0
  m_CorrespondingSourceObject: {fileID: 0}
  m_PrefabInstance: {fileID: 0}
  m_PrefabAsset: {fileID: 0}
  serializedVersion: 6
  m_Component:
  - component: {fileID: 4435741850921096102}
  m_Layer: 0
  m_Name: FlameAngelfish_spine_fin7_2
  m_TagString: Untagged
  m_Icon: {fileID: 0}
  m_NavMeshLayer: 0
  m_StaticEditorFlags: 0
  m_IsActive: 1
--- !u!4 &4435741850921096102
Transform:
  m_ObjectHideFlags: 0
  m_CorrespondingSourceObject: {fileID: 0}
  m_PrefabInstance: {fileID: 0}
  m_PrefabAsset: {fileID: 0}
  m_GameObject: {fileID: 2807891996519243018}
  serializedVersion: 2
  m_LocalRotation: {x: 0, y: 0, z: 0.0151047185, w: 0.9998859}
  m_LocalPosition: {x: -0.25853083, y: 3.7303495e-16, z: -2.082203e-17}
  m_LocalScale: {x: 1, y: 1, z: 1}
  m_ConstrainProportionsScale: 0
  m_Children:
  - {fileID: 4508983475842033027}
  m_Father: {fileID: 8539664410856856554}
  m_LocalEulerAnglesHint: {x: 0, y: 0, z: 0}
--- !u!1 &2899310065809494756
GameObject:
  m_ObjectHideFlags: 0
  m_CorrespondingSourceObject: {fileID: 0}
  m_PrefabInstance: {fileID: 0}
  m_PrefabAsset: {fileID: 0}
  serializedVersion: 6
  m_Component:
  - component: {fileID: 593237137623067475}
  m_Layer: 0
  m_Name: FlameAngelfish_spine_fin4_tip
  m_TagString: Untagged
  m_Icon: {fileID: 0}
  m_NavMeshLayer: 0
  m_StaticEditorFlags: 0
  m_IsActive: 1
--- !u!4 &593237137623067475
Transform:
  m_ObjectHideFlags: 0
  m_CorrespondingSourceObject: {fileID: 0}
  m_PrefabInstance: {fileID: 0}
  m_PrefabAsset: {fileID: 0}
  m_GameObject: {fileID: 2899310065809494756}
  serializedVersion: 2
  m_LocalRotation: {x: 0, y: -0, z: -0, w: 1}
  m_LocalPosition: {x: -0.19463909, y: -2.4868996e-16, z: -9.275268e-18}
  m_LocalScale: {x: 1, y: 1, z: 1}
  m_ConstrainProportionsScale: 0
  m_Children: []
  m_Father: {fileID: 8450862910215420767}
  m_LocalEulerAnglesHint: {x: 0, y: 0, z: 0}
--- !u!1 &3092482509580166079
GameObject:
  m_ObjectHideFlags: 0
  m_CorrespondingSourceObject: {fileID: 0}
  m_PrefabInstance: {fileID: 0}
  m_PrefabAsset: {fileID: 0}
  serializedVersion: 6
  m_Component:
  - component: {fileID: 702573631887191222}
  m_Layer: 0
  m_Name: FlameAngelfish_fin_pectoral4
  m_TagString: Untagged
  m_Icon: {fileID: 0}
  m_NavMeshLayer: 0
  m_StaticEditorFlags: 0
  m_IsActive: 1
--- !u!4 &702573631887191222
Transform:
  m_ObjectHideFlags: 0
  m_CorrespondingSourceObject: {fileID: 0}
  m_PrefabInstance: {fileID: 0}
  m_PrefabAsset: {fileID: 0}
  m_GameObject: {fileID: 3092482509580166079}
  serializedVersion: 2
  m_LocalRotation: {x: -0.0971972, y: 0.14108534, z: 0.5589372, w: 0.81131804}
  m_LocalPosition: {x: -0.13413046, y: -0.34315345, z: 1.6757935e-17}
  m_LocalScale: {x: 1, y: 1, z: 1}
  m_ConstrainProportionsScale: 0
  m_Children:
  - {fileID: 4144482681586247184}
  m_Father: {fileID: 5683650900363780246}
  m_LocalEulerAnglesHint: {x: 0, y: 0, z: 0}
--- !u!1 &3126249945299784355
GameObject:
  m_ObjectHideFlags: 0
  m_CorrespondingSourceObject: {fileID: 0}
  m_PrefabInstance: {fileID: 0}
  m_PrefabAsset: {fileID: 0}
  serializedVersion: 6
  m_Component:
  - component: {fileID: 3572221182858102025}
  m_Layer: 0
  m_Name: FlameAngelfish_fin_pectoral3
  m_TagString: Untagged
  m_Icon: {fileID: 0}
  m_NavMeshLayer: 0
  m_StaticEditorFlags: 0
  m_IsActive: 1
--- !u!4 &3572221182858102025
Transform:
  m_ObjectHideFlags: 0
  m_CorrespondingSourceObject: {fileID: 0}
  m_PrefabInstance: {fileID: 0}
  m_PrefabAsset: {fileID: 0}
  m_GameObject: {fileID: 3126249945299784355}
  serializedVersion: 2
  m_LocalRotation: {x: -0.09693472, y: 0.14126578, z: 0.5574278, w: 0.81235576}
  m_LocalPosition: {x: 0.12189203, y: -0.4881656, z: 6.695691e-16}
  m_LocalScale: {x: 1, y: 1, z: 1}
  m_ConstrainProportionsScale: 0
  m_Children:
  - {fileID: 4635299547148380975}
  m_Father: {fileID: 5683650900363780246}
  m_LocalEulerAnglesHint: {x: 0, y: 0, z: 0}
--- !u!1 &3415056424156648861
GameObject:
  m_ObjectHideFlags: 0
  m_CorrespondingSourceObject: {fileID: 0}
  m_PrefabInstance: {fileID: 0}
  m_PrefabAsset: {fileID: 0}
  serializedVersion: 6
  m_Component:
  - component: {fileID: 7467475259062104510}
  m_Layer: 0
  m_Name: FlameAngelfish_tail_3
  m_TagString: Untagged
  m_Icon: {fileID: 0}
  m_NavMeshLayer: 0
  m_StaticEditorFlags: 0
  m_IsActive: 1
--- !u!4 &7467475259062104510
Transform:
  m_ObjectHideFlags: 0
  m_CorrespondingSourceObject: {fileID: 0}
  m_PrefabInstance: {fileID: 0}
  m_PrefabAsset: {fileID: 0}
  m_GameObject: {fileID: 3415056424156648861}
  serializedVersion: 2
  m_LocalRotation: {x: 0, y: -0.060180508, z: -0, w: 0.99818754}
  m_LocalPosition: {x: -0.315, y: 7.460699e-16, z: 4.041212e-16}
  m_LocalScale: {x: 1, y: 1, z: 1}
  m_ConstrainProportionsScale: 0
  m_Children:
  - {fileID: 2091554292983501907}
  m_Father: {fileID: 2077375226220172592}
  m_LocalEulerAnglesHint: {x: 0, y: 0, z: 0}
--- !u!1 &3421495046895828338
GameObject:
  m_ObjectHideFlags: 0
  m_CorrespondingSourceObject: {fileID: 0}
  m_PrefabInstance: {fileID: 0}
  m_PrefabAsset: {fileID: 0}
  serializedVersion: 6
  m_Component:
  - component: {fileID: 2644874731090227710}
  m_Layer: 0
  m_Name: FlameAngelfish_fin_pectoralFront_r_3
  m_TagString: Untagged
  m_Icon: {fileID: 0}
  m_NavMeshLayer: 0
  m_StaticEditorFlags: 0
  m_IsActive: 1
--- !u!4 &2644874731090227710
Transform:
  m_ObjectHideFlags: 0
  m_CorrespondingSourceObject: {fileID: 0}
  m_PrefabInstance: {fileID: 0}
  m_PrefabAsset: {fileID: 0}
  m_GameObject: {fileID: 3421495046895828338}
  serializedVersion: 2
  m_LocalRotation: {x: 0.00082149875, y: 0.0021838276, z: -0.22200464, w: 0.9750428}
  m_LocalPosition: {x: -0.1164924, y: 0.00055944413, z: -0.0022352051}
  m_LocalScale: {x: 1, y: 1, z: 1}
  m_ConstrainProportionsScale: 0
  m_Children:
  - {fileID: 3105395108825711929}
  m_Father: {fileID: 1997112551909450404}
  m_LocalEulerAnglesHint: {x: 0, y: 0, z: 0}
--- !u!1 &3824782161312547759
GameObject:
  m_ObjectHideFlags: 0
  m_CorrespondingSourceObject: {fileID: 0}
  m_PrefabInstance: {fileID: 0}
  m_PrefabAsset: {fileID: 0}
  serializedVersion: 6
  m_Component:
  - component: {fileID: 5012993320714436111}
  m_Layer: 0
  m_Name: FlameAngelfish_gills_l
  m_TagString: Untagged
  m_Icon: {fileID: 0}
  m_NavMeshLayer: 0
  m_StaticEditorFlags: 0
  m_IsActive: 1
--- !u!4 &5012993320714436111
Transform:
  m_ObjectHideFlags: 0
  m_CorrespondingSourceObject: {fileID: 0}
  m_PrefabInstance: {fileID: 0}
  m_PrefabAsset: {fileID: 0}
  m_GameObject: {fileID: 3824782161312547759}
  serializedVersion: 2
  m_LocalRotation: {x: -0.5919721, y: 0.15107967, z: 0.78642315, w: -0.09100861}
  m_LocalPosition: {x: -0.1715024, y: -0.029501569, z: 0.23429179}
  m_LocalScale: {x: 1, y: 1, z: 1}
  m_ConstrainProportionsScale: 0
  m_Children:
  - {fileID: 2101698527096035456}
  m_Father: {fileID: 4813545145478766709}
  m_LocalEulerAnglesHint: {x: 0, y: 0, z: 0}
--- !u!1 &4057653927686154145
GameObject:
  m_ObjectHideFlags: 0
  m_CorrespondingSourceObject: {fileID: 0}
  m_PrefabInstance: {fileID: 0}
  m_PrefabAsset: {fileID: 0}
  serializedVersion: 6
  m_Component:
  - component: {fileID: 1217058183595412824}
  m_Layer: 0
  m_Name: FlameAngelfish_fin_r_2_tip
  m_TagString: Untagged
  m_Icon: {fileID: 0}
  m_NavMeshLayer: 0
  m_StaticEditorFlags: 0
  m_IsActive: 1
--- !u!4 &1217058183595412824
Transform:
  m_ObjectHideFlags: 0
  m_CorrespondingSourceObject: {fileID: 0}
  m_PrefabInstance: {fileID: 0}
  m_PrefabAsset: {fileID: 0}
  m_GameObject: {fileID: 4057653927686154145}
  serializedVersion: 2
  m_LocalRotation: {x: -0.046439856, y: 0.7055802, z: 0.046439856, w: 0.7055802}
  m_LocalPosition: {x: -0.6959571, y: -0.022508819, z: -0.0022162104}
  m_LocalScale: {x: 1, y: 1, z: 1}
  m_ConstrainProportionsScale: 0
  m_Children: []
  m_Father: {fileID: 5840781001845455012}
  m_LocalEulerAnglesHint: {x: 0, y: 0, z: 0}
--- !u!1 &4111355409085965922
GameObject:
  m_ObjectHideFlags: 0
  m_CorrespondingSourceObject: {fileID: 0}
  m_PrefabInstance: {fileID: 0}
  m_PrefabAsset: {fileID: 0}
  serializedVersion: 6
  m_Component:
  - component: {fileID: 633479222696202007}
  m_Layer: 0
  m_Name: FlameAngelfish_gills_r_tip
  m_TagString: Untagged
  m_Icon: {fileID: 0}
  m_NavMeshLayer: 0
  m_StaticEditorFlags: 0
  m_IsActive: 1
--- !u!4 &633479222696202007
Transform:
  m_ObjectHideFlags: 0
  m_CorrespondingSourceObject: {fileID: 0}
  m_PrefabInstance: {fileID: 0}
  m_PrefabAsset: {fileID: 0}
  m_GameObject: {fileID: 4111355409085965922}
  serializedVersion: 2
  m_LocalRotation: {x: 0.18317887, y: 0.97296256, z: 0.026027426, w: -0.1382458}
  m_LocalPosition: {x: -0.36647007, y: 0.0000000014091637, z: 1.4862334e-10}
  m_LocalScale: {x: 1, y: 1, z: 1}
  m_ConstrainProportionsScale: 0
  m_Children: []
  m_Father: {fileID: 7041612003437695264}
  m_LocalEulerAnglesHint: {x: 0, y: 0, z: 0}
--- !u!1 &4234916012478999909
GameObject:
  m_ObjectHideFlags: 0
  m_CorrespondingSourceObject: {fileID: 0}
  m_PrefabInstance: {fileID: 0}
  m_PrefabAsset: {fileID: 0}
  serializedVersion: 6
  m_Component:
  - component: {fileID: 2140640336260323256}
  m_Layer: 0
  m_Name: FlameAngelfish_spine_fin8_2
  m_TagString: Untagged
  m_Icon: {fileID: 0}
  m_NavMeshLayer: 0
  m_StaticEditorFlags: 0
  m_IsActive: 1
--- !u!4 &2140640336260323256
Transform:
  m_ObjectHideFlags: 0
  m_CorrespondingSourceObject: {fileID: 0}
  m_PrefabInstance: {fileID: 0}
  m_PrefabAsset: {fileID: 0}
  m_GameObject: {fileID: 4234916012478999909}
  serializedVersion: 2
  m_LocalRotation: {x: 0, y: 0, z: 0.06422814, w: 0.99793524}
  m_LocalPosition: {x: -0.36611736, y: -2.4868996e-16, z: -2.5175728e-17}
  m_LocalScale: {x: 1, y: 1, z: 1}
  m_ConstrainProportionsScale: 0
  m_Children:
  - {fileID: 1313312160304546075}
  m_Father: {fileID: 8695480281237403669}
  m_LocalEulerAnglesHint: {x: 0, y: 0, z: 0}
--- !u!1 &4343728432118804101
GameObject:
  m_ObjectHideFlags: 0
  m_CorrespondingSourceObject: {fileID: 0}
  m_PrefabInstance: {fileID: 0}
  m_PrefabAsset: {fileID: 0}
  serializedVersion: 6
  m_Component:
  - component: {fileID: 3390820108834202325}
  m_Layer: 0
  m_Name: FlameAngelfish_fin_pectoral1_tip
  m_TagString: Untagged
  m_Icon: {fileID: 0}
  m_NavMeshLayer: 0
  m_StaticEditorFlags: 0
  m_IsActive: 1
--- !u!4 &3390820108834202325
Transform:
  m_ObjectHideFlags: 0
  m_CorrespondingSourceObject: {fileID: 0}
  m_PrefabInstance: {fileID: 0}
  m_PrefabAsset: {fileID: 0}
  m_GameObject: {fileID: 4343728432118804101}
  serializedVersion: 2
  m_LocalRotation: {x: 0, y: -0, z: -0, w: 1}
  m_LocalPosition: {x: -0.29968694, y: 0.003535621, z: -1.429698e-17}
  m_LocalScale: {x: 1, y: 1, z: 1}
  m_ConstrainProportionsScale: 0
  m_Children: []
  m_Father: {fileID: 883510695850987046}
  m_LocalEulerAnglesHint: {x: 0, y: 0, z: 0}
--- !u!1 &4344462268127173203
GameObject:
  m_ObjectHideFlags: 0
  m_CorrespondingSourceObject: {fileID: 0}
  m_PrefabInstance: {fileID: 0}
  m_PrefabAsset: {fileID: 0}
  serializedVersion: 6
  m_Component:
  - component: {fileID: 5934748863712522256}
  m_Layer: 0
  m_Name: FlameAngelfish_eye_r
  m_TagString: Untagged
  m_Icon: {fileID: 0}
  m_NavMeshLayer: 0
  m_StaticEditorFlags: 0
  m_IsActive: 1
--- !u!4 &5934748863712522256
Transform:
  m_ObjectHideFlags: 0
  m_CorrespondingSourceObject: {fileID: 0}
  m_PrefabInstance: {fileID: 0}
  m_PrefabAsset: {fileID: 0}
  m_GameObject: {fileID: 4344462268127173203}
  serializedVersion: 2
  m_LocalRotation: {x: 0.95842993, y: -0.2161524, z: -0.18555586, w: -0.016099866}
  m_LocalPosition: {x: 0.174145, y: 0.09732281, z: 0.23214488}
  m_LocalScale: {x: 1, y: 1, z: 1}
  m_ConstrainProportionsScale: 0
  m_Children: []
  m_Father: {fileID: 4813545145478766709}
  m_LocalEulerAnglesHint: {x: 0, y: 0, z: 0}
--- !u!1 &4354584629565010740
GameObject:
  m_ObjectHideFlags: 0
  m_CorrespondingSourceObject: {fileID: 0}
  m_PrefabInstance: {fileID: 0}
  m_PrefabAsset: {fileID: 0}
  serializedVersion: 6
  m_Component:
  - component: {fileID: 6437757236988935291}
  m_Layer: 0
  m_Name: FlameAngelfish_fin_l_2_tip
  m_TagString: Untagged
  m_Icon: {fileID: 0}
  m_NavMeshLayer: 0
  m_StaticEditorFlags: 0
  m_IsActive: 1
--- !u!4 &6437757236988935291
Transform:
  m_ObjectHideFlags: 0
  m_CorrespondingSourceObject: {fileID: 0}
  m_PrefabInstance: {fileID: 0}
  m_PrefabAsset: {fileID: 0}
  m_GameObject: {fileID: 4354584629565010740}
  serializedVersion: 2
  m_LocalRotation: {x: 0.04643964, y: -0.7055802, z: 0.04643964, w: 0.7055802}
  m_LocalPosition: {x: -0.7097286, y: -0.024939606, z: 0.003587233}
  m_LocalScale: {x: 1, y: 1, z: 1}
  m_ConstrainProportionsScale: 0
  m_Children: []
  m_Father: {fileID: 3335565444371526499}
  m_LocalEulerAnglesHint: {x: 0, y: 0, z: 0}
--- !u!1 &4414630444621635353
GameObject:
  m_ObjectHideFlags: 0
  m_CorrespondingSourceObject: {fileID: 0}
  m_PrefabInstance: {fileID: 0}
  m_PrefabAsset: {fileID: 0}
  serializedVersion: 6
  m_Component:
  - component: {fileID: 6515972888741854391}
  m_Layer: 0
  m_Name: FlameAngelfish_fin_l_1_tip
  m_TagString: Untagged
  m_Icon: {fileID: 0}
  m_NavMeshLayer: 0
  m_StaticEditorFlags: 0
  m_IsActive: 1
--- !u!4 &6515972888741854391
Transform:
  m_ObjectHideFlags: 0
  m_CorrespondingSourceObject: {fileID: 0}
  m_PrefabInstance: {fileID: 0}
  m_PrefabAsset: {fileID: 0}
  m_GameObject: {fileID: 4414630444621635353}
  serializedVersion: 2
  m_LocalRotation: {x: 0.102717385, y: -0.6996064, z: 0.102717385, w: 0.6996064}
  m_LocalPosition: {x: -0.7790993, y: 0.026919782, z: 0.0032331254}
  m_LocalScale: {x: 1, y: 1, z: 1}
  m_ConstrainProportionsScale: 0
  m_Children: []
  m_Father: {fileID: 7141144888596721142}
  m_LocalEulerAnglesHint: {x: 0, y: 0, z: 0}
--- !u!1 &4702992569340132307
GameObject:
  m_ObjectHideFlags: 0
  m_CorrespondingSourceObject: {fileID: 0}
  m_PrefabInstance: {fileID: 0}
  m_PrefabAsset: {fileID: 0}
  serializedVersion: 6
  m_Component:
  - component: {fileID: 3393829362271392396}
  m_Layer: 0
  m_Name: FlameAngelfish_eye_l
  m_TagString: Untagged
  m_Icon: {fileID: 0}
  m_NavMeshLayer: 0
  m_StaticEditorFlags: 0
  m_IsActive: 1
--- !u!4 &3393829362271392396
Transform:
  m_ObjectHideFlags: 0
  m_CorrespondingSourceObject: {fileID: 0}
  m_PrefabInstance: {fileID: 0}
  m_PrefabAsset: {fileID: 0}
  m_GameObject: {fileID: 4702992569340132307}
  serializedVersion: 2
  m_LocalRotation: {x: -0.005800209, y: -0.15105715, z: 0.060397953, w: 0.98666114}
  m_LocalPosition: {x: -0.113726795, y: 0.14465533, z: 0.24095978}
  m_LocalScale: {x: 1, y: 1, z: 1}
  m_ConstrainProportionsScale: 0
  m_Children: []
  m_Father: {fileID: 4813545145478766709}
  m_LocalEulerAnglesHint: {x: 0, y: 0, z: 0}
--- !u!1 &4744312690850000051
GameObject:
  m_ObjectHideFlags: 0
  m_CorrespondingSourceObject: {fileID: 0}
  m_PrefabInstance: {fileID: 0}
  m_PrefabAsset: {fileID: 0}
  serializedVersion: 6
  m_Component:
  - component: {fileID: 8450862910215420767}
  m_Layer: 0
  m_Name: FlameAngelfish_spine_fin4
  m_TagString: Untagged
  m_Icon: {fileID: 0}
  m_NavMeshLayer: 0
  m_StaticEditorFlags: 0
  m_IsActive: 1
--- !u!4 &8450862910215420767
Transform:
  m_ObjectHideFlags: 0
  m_CorrespondingSourceObject: {fileID: 0}
  m_PrefabInstance: {fileID: 0}
  m_PrefabAsset: {fileID: 0}
  m_GameObject: {fileID: 4744312690850000051}
  serializedVersion: 2
  m_LocalRotation: {x: 0.08344321, y: 0.12582989, z: -0.5463299, w: 0.8238493}
  m_LocalPosition: {x: -0.09291367, y: 0.8079269, z: -1.6164848e-15}
  m_LocalScale: {x: 1, y: 1, z: 1}
  m_ConstrainProportionsScale: 0
  m_Children:
  - {fileID: 593237137623067475}
  m_Father: {fileID: 1568352567515766451}
  m_LocalEulerAnglesHint: {x: 0, y: 0, z: 0}
--- !u!1 &4786991949501685200
GameObject:
  m_ObjectHideFlags: 0
  m_CorrespondingSourceObject: {fileID: 0}
  m_PrefabInstance: {fileID: 0}
  m_PrefabAsset: {fileID: 0}
  serializedVersion: 6
  m_Component:
  - component: {fileID: 500308566007740483}
  m_Layer: 0
  m_Name: FlameAngelfish_jaw_top_tip
  m_TagString: Untagged
  m_Icon: {fileID: 0}
  m_NavMeshLayer: 0
  m_StaticEditorFlags: 0
  m_IsActive: 1
--- !u!4 &500308566007740483
Transform:
  m_ObjectHideFlags: 0
  m_CorrespondingSourceObject: {fileID: 0}
  m_PrefabInstance: {fileID: 0}
  m_PrefabAsset: {fileID: 0}
  m_GameObject: {fileID: 4786991949501685200}
  serializedVersion: 2
  m_LocalRotation: {x: 0, y: -0, z: -0.07035862, w: 0.99752176}
  m_LocalPosition: {x: -0.15811859, y: -7.771561e-17, z: 0}
  m_LocalScale: {x: 1, y: 1, z: 1}
  m_ConstrainProportionsScale: 0
  m_Children: []
  m_Father: {fileID: 4967714539996208903}
  m_LocalEulerAnglesHint: {x: 0, y: 0, z: 0}
--- !u!1 &4895989321960621767
GameObject:
  m_ObjectHideFlags: 0
  m_CorrespondingSourceObject: {fileID: 0}
  m_PrefabInstance: {fileID: 0}
  m_PrefabAsset: {fileID: 0}
  serializedVersion: 6
  m_Component:
  - component: {fileID: 1313312160304546075}
  m_Layer: 0
  m_Name: FlameAngelfish_spine_fin8_3
  m_TagString: Untagged
  m_Icon: {fileID: 0}
  m_NavMeshLayer: 0
  m_StaticEditorFlags: 0
  m_IsActive: 1
--- !u!4 &1313312160304546075
Transform:
  m_ObjectHideFlags: 0
  m_CorrespondingSourceObject: {fileID: 0}
  m_PrefabInstance: {fileID: 0}
  m_PrefabAsset: {fileID: 0}
  m_GameObject: {fileID: 4895989321960621767}
  serializedVersion: 2
  m_LocalRotation: {x: 0, y: 0, z: 0.29150537, w: 0.9565692}
  m_LocalPosition: {x: -0.27045864, y: 1.2434498e-16, z: -2.1957777e-17}
  m_LocalScale: {x: 1, y: 1, z: 1}
  m_ConstrainProportionsScale: 0
  m_Children: []
  m_Father: {fileID: 2140640336260323256}
  m_LocalEulerAnglesHint: {x: 0, y: 0, z: 0}
--- !u!1 &5070395138218045893
GameObject:
  m_ObjectHideFlags: 0
  m_CorrespondingSourceObject: {fileID: 0}
  m_PrefabInstance: {fileID: 0}
  m_PrefabAsset: {fileID: 0}
  serializedVersion: 6
  m_Component:
  - component: {fileID: 1241119002378346156}
  m_Layer: 0
  m_Name: FlameAngelfish_spine_1
  m_TagString: Untagged
  m_Icon: {fileID: 0}
  m_NavMeshLayer: 0
  m_StaticEditorFlags: 0
  m_IsActive: 1
--- !u!4 &1241119002378346156
Transform:
  m_ObjectHideFlags: 0
  m_CorrespondingSourceObject: {fileID: 0}
  m_PrefabInstance: {fileID: 0}
  m_PrefabAsset: {fileID: 0}
  m_GameObject: {fileID: 5070395138218045893}
  serializedVersion: 2
  m_LocalRotation: {x: 0.01208023, y: -0.045885082, z: 0.00055492745, w: 0.99887353}
  m_LocalPosition: {x: -0.54060197, y: -6.217249e-16, z: -0.009605455}
  m_LocalScale: {x: 1, y: 1, z: 1}
  m_ConstrainProportionsScale: 0
  m_Children:
  - {fileID: 1568352567515766451}
  - {fileID: 6356455133532101759}
  - {fileID: 3657582091910850332}
  m_Father: {fileID: 5391579520449933945}
  m_LocalEulerAnglesHint: {x: 0, y: 0, z: 0}
--- !u!1 &5210385570530175700
GameObject:
  m_ObjectHideFlags: 0
  m_CorrespondingSourceObject: {fileID: 0}
  m_PrefabInstance: {fileID: 0}
  m_PrefabAsset: {fileID: 0}
  serializedVersion: 6
  m_Component:
  - component: {fileID: 3141746484388210260}
  m_Layer: 0
  m_Name: FlameAngelfish_fin_pectoralFront_l_5
  m_TagString: Untagged
  m_Icon: {fileID: 0}
  m_NavMeshLayer: 0
  m_StaticEditorFlags: 0
  m_IsActive: 1
--- !u!4 &3141746484388210260
Transform:
  m_ObjectHideFlags: 0
  m_CorrespondingSourceObject: {fileID: 0}
  m_PrefabInstance: {fileID: 0}
  m_PrefabAsset: {fileID: 0}
  m_GameObject: {fileID: 5210385570530175700}
  serializedVersion: 2
  m_LocalRotation: {x: 0.020339334, y: 0.17762484, z: 0.19373415, w: 0.9646258}
  m_LocalPosition: {x: -0.20479426, y: -0.009632993, z: 0.0009929391}
  m_LocalScale: {x: 1, y: 1, z: 1}
  m_ConstrainProportionsScale: 0
  m_Children:
  - {fileID: 4699751227171121314}
  m_Father: {fileID: 1928794224107844277}
  m_LocalEulerAnglesHint: {x: 0, y: 0, z: 0}
--- !u!1 &5243491636327097773
GameObject:
  m_ObjectHideFlags: 0
  m_CorrespondingSourceObject: {fileID: 0}
  m_PrefabInstance: {fileID: 0}
  m_PrefabAsset: {fileID: 0}
  serializedVersion: 6
  m_Component:
  - component: {fileID: 8207713301804167229}
  m_Layer: 0
  m_Name: FlameAngelfish_fin_l
  m_TagString: Untagged
  m_Icon: {fileID: 0}
  m_NavMeshLayer: 0
  m_StaticEditorFlags: 0
  m_IsActive: 1
--- !u!4 &8207713301804167229
Transform:
  m_ObjectHideFlags: 0
  m_CorrespondingSourceObject: {fileID: 0}
  m_PrefabInstance: {fileID: 0}
  m_PrefabAsset: {fileID: 0}
  m_GameObject: {fileID: 5243491636327097773}
  serializedVersion: 2
  m_LocalRotation: {x: -0.23805426, y: 0.4187729, z: -0.42666486, w: 0.7654519}
  m_LocalPosition: {x: -0.18154201, y: -0.22295766, z: 0.2378526}
  m_LocalScale: {x: 1, y: 1, z: 1}
  m_ConstrainProportionsScale: 0
  m_Children:
  - {fileID: 7141144888596721142}
  - {fileID: 3335565444371526499}
  - {fileID: 7870337827500533878}
  - {fileID: 3918282707155782603}
  m_Father: {fileID: 5391579520449933945}
  m_LocalEulerAnglesHint: {x: 0, y: 0, z: 0}
--- !u!1 &5288359296531699351
GameObject:
  m_ObjectHideFlags: 0
  m_CorrespondingSourceObject: {fileID: 0}
  m_PrefabInstance: {fileID: 0}
  m_PrefabAsset: {fileID: 0}
  serializedVersion: 6
  m_Component:
  - component: {fileID: 4512302137854741426}
  m_Layer: 0
  m_Name: FlameAngelfish_tail_1
  m_TagString: Untagged
  m_Icon: {fileID: 0}
  m_NavMeshLayer: 0
  m_StaticEditorFlags: 0
  m_IsActive: 1
--- !u!4 &4512302137854741426
Transform:
  m_ObjectHideFlags: 0
  m_CorrespondingSourceObject: {fileID: 0}
  m_PrefabInstance: {fileID: 0}
  m_PrefabAsset: {fileID: 0}
  m_GameObject: {fileID: 5288359296531699351}
  serializedVersion: 2
  m_LocalRotation: {x: -0.025930755, y: 0.200482, z: 0.124420375, w: 0.9714186}
  m_LocalPosition: {x: -0.4684855, y: -0.13466793, z: -2.9190402e-16}
  m_LocalScale: {x: 1, y: 1, z: 1}
  m_ConstrainProportionsScale: 0
  m_Children:
  - {fileID: 2077375226220172592}
  m_Father: {fileID: 5683650900363780246}
  m_LocalEulerAnglesHint: {x: 0, y: 0, z: 0}
--- !u!1 &5464694137163165479
GameObject:
  m_ObjectHideFlags: 0
  m_CorrespondingSourceObject: {fileID: 0}
  m_PrefabInstance: {fileID: 0}
  m_PrefabAsset: {fileID: 0}
  serializedVersion: 6
  m_Component:
  - component: {fileID: 8539664410856856554}
  m_Layer: 0
  m_Name: FlameAngelfish_spine_fin7_1
  m_TagString: Untagged
  m_Icon: {fileID: 0}
  m_NavMeshLayer: 0
  m_StaticEditorFlags: 0
  m_IsActive: 1
--- !u!4 &8539664410856856554
Transform:
  m_ObjectHideFlags: 0
  m_CorrespondingSourceObject: {fileID: 0}
  m_PrefabInstance: {fileID: 0}
  m_PrefabAsset: {fileID: 0}
  m_GameObject: {fileID: 5464694137163165479}
  serializedVersion: 2
  m_LocalRotation: {x: 0.0445051, y: 0.14427483, z: -0.29138944, w: 0.94461435}
  m_LocalPosition: {x: -0.13717349, y: 0.48061007, z: -1.2644284e-15}
  m_LocalScale: {x: 1, y: 1, z: 1}
  m_ConstrainProportionsScale: 0
  m_Children:
  - {fileID: 4435741850921096102}
  m_Father: {fileID: 5683650900363780246}
  m_LocalEulerAnglesHint: {x: 0, y: 0, z: 0}
--- !u!1 &5652588386375386284
GameObject:
  m_ObjectHideFlags: 0
  m_CorrespondingSourceObject: {fileID: 0}
  m_PrefabInstance: {fileID: 0}
  m_PrefabAsset: {fileID: 0}
  serializedVersion: 6
  m_Component:
  - component: {fileID: 1439411070690831739}
  m_Layer: 0
  m_Name: FlameAngelfish_spine_fin1_tip
  m_TagString: Untagged
  m_Icon: {fileID: 0}
  m_NavMeshLayer: 0
  m_StaticEditorFlags: 0
  m_IsActive: 1
--- !u!4 &1439411070690831739
Transform:
  m_ObjectHideFlags: 0
  m_CorrespondingSourceObject: {fileID: 0}
  m_PrefabInstance: {fileID: 0}
  m_PrefabAsset: {fileID: 0}
  m_GameObject: {fileID: 5652588386375386284}
  serializedVersion: 2
  m_LocalRotation: {x: 0, y: -0, z: -0, w: 1}
  m_LocalPosition: {x: -0.19164677, y: 0, z: -1.5238162e-17}
  m_LocalScale: {x: 1, y: 1, z: 1}
  m_ConstrainProportionsScale: 0
  m_Children: []
  m_Father: {fileID: 215001945744434663}
  m_LocalEulerAnglesHint: {x: 0, y: 0, z: 0}
--- !u!1 &5841983211996708437
GameObject:
  m_ObjectHideFlags: 0
  m_CorrespondingSourceObject: {fileID: 0}
  m_PrefabInstance: {fileID: 0}
  m_PrefabAsset: {fileID: 0}
  serializedVersion: 6
  m_Component:
  - component: {fileID: 1997112551909450404}
  m_Layer: 0
  m_Name: FlameAngelfish_fin_pectoralFront_r_2
  m_TagString: Untagged
  m_Icon: {fileID: 0}
  m_NavMeshLayer: 0
  m_StaticEditorFlags: 0
  m_IsActive: 1
--- !u!4 &1997112551909450404
Transform:
  m_ObjectHideFlags: 0
  m_CorrespondingSourceObject: {fileID: 0}
  m_PrefabInstance: {fileID: 0}
  m_PrefabAsset: {fileID: 0}
  m_GameObject: {fileID: 5841983211996708437}
  serializedVersion: 2
  m_LocalRotation: {x: 0.007369816, y: 0.04334579, z: -0.050921004, w: 0.9977344}
  m_LocalPosition: {x: -0.074554704, y: 0.00031075417, z: -0.0028398198}
  m_LocalScale: {x: 1, y: 1, z: 1}
  m_ConstrainProportionsScale: 0
  m_Children:
  - {fileID: 2644874731090227710}
  m_Father: {fileID: 7264651566755931804}
  m_LocalEulerAnglesHint: {x: 0, y: 0, z: 0}
--- !u!1 &5867808440883363340
GameObject:
  m_ObjectHideFlags: 0
  m_CorrespondingSourceObject: {fileID: 0}
  m_PrefabInstance: {fileID: 0}
  m_PrefabAsset: {fileID: 0}
  serializedVersion: 6
  m_Component:
  - component: {fileID: 215001945744434663}
  m_Layer: 0
  m_Name: FlameAngelfish_spine_fin1
  m_TagString: Untagged
  m_Icon: {fileID: 0}
  m_NavMeshLayer: 0
  m_StaticEditorFlags: 0
  m_IsActive: 1
--- !u!4 &215001945744434663
Transform:
  m_ObjectHideFlags: 0
  m_CorrespondingSourceObject: {fileID: 0}
  m_PrefabInstance: {fileID: 0}
  m_PrefabAsset: {fileID: 0}
  m_GameObject: {fileID: 5867808440883363340}
  serializedVersion: 2
  m_LocalRotation: {x: -0.00007209897, y: 0.00015634454, z: -0.41877058, w: 0.9080921}
  m_LocalPosition: {x: -0.23484635, y: 0.7124574, z: -1.2434498e-16}
  m_LocalScale: {x: 1, y: 1, z: 1}
  m_ConstrainProportionsScale: 0
  m_Children:
  - {fileID: 1439411070690831739}
  m_Father: {fileID: 5391579520449933945}
  m_LocalEulerAnglesHint: {x: 0, y: 0, z: 0}
--- !u!1 &5908417307411475864
GameObject:
  m_ObjectHideFlags: 0
  m_CorrespondingSourceObject: {fileID: 0}
  m_PrefabInstance: {fileID: 0}
  m_PrefabAsset: {fileID: 0}
  serializedVersion: 6
  m_Component:
  - component: {fileID: 7041612003437695264}
  m_Layer: 0
  m_Name: FlameAngelfish_gills_r
  m_TagString: Untagged
  m_Icon: {fileID: 0}
  m_NavMeshLayer: 0
  m_StaticEditorFlags: 0
  m_IsActive: 1
--- !u!4 &7041612003437695264
Transform:
  m_ObjectHideFlags: 0
  m_CorrespondingSourceObject: {fileID: 0}
  m_PrefabInstance: {fileID: 0}
  m_PrefabAsset: {fileID: 0}
  m_GameObject: {fileID: 5908417307411475864}
  serializedVersion: 2
  m_LocalRotation: {x: -0.2092969, y: -0.7400972, z: 0.058285557, w: 0.63643837}
  m_LocalPosition: {x: 0.16982588, y: -0.08446968, z: 0.22181109}
  m_LocalScale: {x: 1, y: 1, z: 1}
  m_ConstrainProportionsScale: 0
  m_Children:
  - {fileID: 633479222696202007}
  m_Father: {fileID: 4813545145478766709}
  m_LocalEulerAnglesHint: {x: 0, y: 0, z: 0}
--- !u!1 &5935044534065696932
GameObject:
  m_ObjectHideFlags: 0
  m_CorrespondingSourceObject: {fileID: 0}
  m_PrefabInstance: {fileID: 0}
  m_PrefabAsset: {fileID: 0}
  serializedVersion: 6
  m_Component:
  - component: {fileID: 3918282707155782603}
  m_Layer: 0
  m_Name: FlameAngelfish_fin_l_4
  m_TagString: Untagged
  m_Icon: {fileID: 0}
  m_NavMeshLayer: 0
  m_StaticEditorFlags: 0
  m_IsActive: 1
--- !u!4 &3918282707155782603
Transform:
  m_ObjectHideFlags: 0
  m_CorrespondingSourceObject: {fileID: 0}
  m_PrefabInstance: {fileID: 0}
  m_PrefabAsset: {fileID: 0}
  m_GameObject: {fileID: 5935044534065696932}
  serializedVersion: 2
  m_LocalRotation: {x: 0.024279201, y: -0.23284155, z: 0.6448536, w: 0.7275707}
  m_LocalPosition: {x: 0.043968666, y: -0.07069882, z: -0.02496839}
  m_LocalScale: {x: 1, y: 1, z: 1}
  m_ConstrainProportionsScale: 0
  m_Children:
  - {fileID: 3348082543225130115}
  m_Father: {fileID: 8207713301804167229}
  m_LocalEulerAnglesHint: {x: 0, y: 0, z: 0}
--- !u!1 &6564538394781102492
GameObject:
  m_ObjectHideFlags: 0
  m_CorrespondingSourceObject: {fileID: 0}
  m_PrefabInstance: {fileID: 0}
  m_PrefabAsset: {fileID: 0}
  serializedVersion: 6
  m_Component:
  - component: {fileID: 4967714539996208903}
  m_Layer: 0
  m_Name: FlameAngelfish_jaw_top
  m_TagString: Untagged
  m_Icon: {fileID: 0}
  m_NavMeshLayer: 0
  m_StaticEditorFlags: 0
  m_IsActive: 1
--- !u!4 &4967714539996208903
Transform:
  m_ObjectHideFlags: 0
  m_CorrespondingSourceObject: {fileID: 0}
  m_PrefabInstance: {fileID: 0}
  m_PrefabAsset: {fileID: 0}
  m_GameObject: {fileID: 6564538394781102492}
  serializedVersion: 2
  m_LocalRotation: {x: 0.01715381, y: 0.7195445, z: -0.094012305, w: 0.6878395}
  m_LocalPosition: {x: 0.010777593, y: -0.04515146, z: 0.49360326}
  m_LocalScale: {x: 1, y: 1, z: 1}
  m_ConstrainProportionsScale: 0
  m_Children:
  - {fileID: 500308566007740483}
  m_Father: {fileID: 4813545145478766709}
  m_LocalEulerAnglesHint: {x: 0, y: 0, z: 0}
--- !u!1 &6625729498937299259
GameObject:
  m_ObjectHideFlags: 0
  m_CorrespondingSourceObject: {fileID: 0}
  m_PrefabInstance: {fileID: 0}
  m_PrefabAsset: {fileID: 0}
  serializedVersion: 6
  m_Component:
  - component: {fileID: 883510695850987046}
  m_Layer: 0
  m_Name: FlameAngelfish_fin_pectoral1
  m_TagString: Untagged
  m_Icon: {fileID: 0}
  m_NavMeshLayer: 0
  m_StaticEditorFlags: 0
  m_IsActive: 1
--- !u!4 &883510695850987046
Transform:
  m_ObjectHideFlags: 0
  m_CorrespondingSourceObject: {fileID: 0}
  m_PrefabInstance: {fileID: 0}
  m_PrefabAsset: {fileID: 0}
  m_GameObject: {fileID: 6625729498937299259}
  serializedVersion: 2
  m_LocalRotation: {x: 0, y: 0, z: 0.55739, w: 0.8302508}
  m_LocalPosition: {x: 0.09383774, y: -0.6951047, z: 1.5377589e-17}
  m_LocalScale: {x: 1, y: 1, z: 1}
  m_ConstrainProportionsScale: 0
  m_Children:
  - {fileID: 3390820108834202325}
  m_Father: {fileID: 7818578000812854433}
  m_LocalEulerAnglesHint: {x: 0, y: 0, z: 0}
--- !u!1 &6662575984572743820
GameObject:
  m_ObjectHideFlags: 0
  m_CorrespondingSourceObject: {fileID: 0}
  m_PrefabInstance: {fileID: 0}
  m_PrefabAsset: {fileID: 0}
  serializedVersion: 6
  m_Component:
  - component: {fileID: 1063072330951219823}
  m_Layer: 0
  m_Name: FlameAngelfish_fin_pectoralFront_l_3
  m_TagString: Untagged
  m_Icon: {fileID: 0}
  m_NavMeshLayer: 0
  m_StaticEditorFlags: 0
  m_IsActive: 1
--- !u!4 &1063072330951219823
Transform:
  m_ObjectHideFlags: 0
  m_CorrespondingSourceObject: {fileID: 0}
  m_PrefabInstance: {fileID: 0}
  m_PrefabAsset: {fileID: 0}
  m_GameObject: {fileID: 6662575984572743820}
  serializedVersion: 2
  m_LocalRotation: {x: 0.004548569, y: 0.025712268, z: -0.2043915, w: 0.9785409}
  m_LocalPosition: {x: -0.11645118, y: 0.00061827, z: 0.0029421325}
  m_LocalScale: {x: 1, y: 1, z: 1}
  m_ConstrainProportionsScale: 0
  m_Children:
  - {fileID: 1928794224107844277}
  m_Father: {fileID: 3651188544881554235}
  m_LocalEulerAnglesHint: {x: 0, y: 0, z: 0}
--- !u!1 &6681538434457297807
GameObject:
  m_ObjectHideFlags: 0
  m_CorrespondingSourceObject: {fileID: 0}
  m_PrefabInstance: {fileID: 0}
  m_PrefabAsset: {fileID: 0}
  serializedVersion: 6
  m_Component:
  - component: {fileID: 2219530262829250234}
  m_Layer: 0
  m_Name: FlameAngelfish_spine_fin5
  m_TagString: Untagged
  m_Icon: {fileID: 0}
  m_NavMeshLayer: 0
  m_StaticEditorFlags: 0
  m_IsActive: 1
--- !u!4 &2219530262829250234
Transform:
  m_ObjectHideFlags: 0
  m_CorrespondingSourceObject: {fileID: 0}
  m_PrefabInstance: {fileID: 0}
  m_PrefabAsset: {fileID: 0}
  m_GameObject: {fileID: 6681538434457297807}
  serializedVersion: 2
  m_LocalRotation: {x: 0.06776236, y: 0.13492292, z: -0.44366226, w: 0.88338435}
  m_LocalPosition: {x: -0.3415687, y: 0.77442116, z: -1.5543122e-15}
  m_LocalScale: {x: 1, y: 1, z: 1}
  m_ConstrainProportionsScale: 0
  m_Children:
  - {fileID: 714938625759186949}
  m_Father: {fileID: 1568352567515766451}
  m_LocalEulerAnglesHint: {x: 0, y: 0, z: 0}
--- !u!1 &7142352811624781373
GameObject:
  m_ObjectHideFlags: 0
  m_CorrespondingSourceObject: {fileID: 0}
  m_PrefabInstance: {fileID: 0}
  m_PrefabAsset: {fileID: 0}
  serializedVersion: 6
  m_Component:
  - component: {fileID: 680448190023670600}
  m_Layer: 0
  m_Name: FlameAngelfish_jaw
  m_TagString: Untagged
  m_Icon: {fileID: 0}
  m_NavMeshLayer: 0
  m_StaticEditorFlags: 0
  m_IsActive: 1
--- !u!4 &680448190023670600
Transform:
  m_ObjectHideFlags: 0
  m_CorrespondingSourceObject: {fileID: 0}
  m_PrefabInstance: {fileID: 0}
  m_PrefabAsset: {fileID: 0}
  m_GameObject: {fileID: 7142352811624781373}
  serializedVersion: 2
  m_LocalRotation: {x: -0.035432458, y: -0.6933297, z: -0.07753174, w: 0.71556085}
  m_LocalPosition: {x: -0.00072388706, y: -0.07664807, z: 0.49251902}
  m_LocalScale: {x: 1, y: 1, z: 1}
  m_ConstrainProportionsScale: 0
  m_Children:
  - {fileID: 954442475317569515}
  m_Father: {fileID: 4813545145478766709}
  m_LocalEulerAnglesHint: {x: 0, y: 0, z: 0}
--- !u!1 &7167156300598890199
GameObject:
  m_ObjectHideFlags: 0
  m_CorrespondingSourceObject: {fileID: 0}
  m_PrefabInstance: {fileID: 0}
  m_PrefabAsset: {fileID: 0}
  serializedVersion: 6
  m_Component:
  - component: {fileID: 2900123004657666482}
  m_Layer: 0
  m_Name: FlameAngelfish_fin_pectoral2_tip
  m_TagString: Untagged
  m_Icon: {fileID: 0}
  m_NavMeshLayer: 0
  m_StaticEditorFlags: 0
  m_IsActive: 1
--- !u!4 &2900123004657666482
Transform:
  m_ObjectHideFlags: 0
  m_CorrespondingSourceObject: {fileID: 0}
  m_PrefabInstance: {fileID: 0}
  m_PrefabAsset: {fileID: 0}
  m_GameObject: {fileID: 7167156300598890199}
  serializedVersion: 2
  m_LocalRotation: {x: 0, y: -0, z: -0, w: 1}
  m_LocalPosition: {x: -0.46398643, y: -0.052533597, z: -2.505282e-17}
  m_LocalScale: {x: 1, y: 1, z: 1}
  m_ConstrainProportionsScale: 0
  m_Children: []
  m_Father: {fileID: 4839451283227720503}
  m_LocalEulerAnglesHint: {x: 0, y: 0, z: 0}
--- !u!1 &7275439746453275358
GameObject:
  m_ObjectHideFlags: 0
  m_CorrespondingSourceObject: {fileID: 0}
  m_PrefabInstance: {fileID: 0}
  m_PrefabAsset: {fileID: 0}
  serializedVersion: 6
  m_Component:
  - component: {fileID: 7870337827500533878}
  m_Layer: 0
  m_Name: FlameAngelfish_fin_l_3
  m_TagString: Untagged
  m_Icon: {fileID: 0}
  m_NavMeshLayer: 0
  m_StaticEditorFlags: 0
  m_IsActive: 1
--- !u!4 &7870337827500533878
Transform:
  m_ObjectHideFlags: 0
  m_CorrespondingSourceObject: {fileID: 0}
  m_PrefabInstance: {fileID: 0}
  m_PrefabAsset: {fileID: 0}
  m_GameObject: {fileID: 7275439746453275358}
  serializedVersion: 2
  m_LocalRotation: {x: 0.080748945, y: -0.2449137, z: 0.57228756, w: 0.77844965}
  m_LocalPosition: {x: 0.002632077, y: -0.05853816, z: -0.033876777}
  m_LocalScale: {x: 1, y: 1, z: 1}
  m_ConstrainProportionsScale: 0
  m_Children:
  - {fileID: 831150718524682419}
  m_Father: {fileID: 8207713301804167229}
  m_LocalEulerAnglesHint: {x: 0, y: 0, z: 0}
--- !u!1 &7291471292981885946
GameObject:
  m_ObjectHideFlags: 0
  m_CorrespondingSourceObject: {fileID: 0}
  m_PrefabInstance: {fileID: 0}
  m_PrefabAsset: {fileID: 0}
  serializedVersion: 6
  m_Component:
  - component: {fileID: 8429288114264675493}
  m_Layer: 0
  m_Name: FlameAngelfish_spine_fin3_tip
  m_TagString: Untagged
  m_Icon: {fileID: 0}
  m_NavMeshLayer: 0
  m_StaticEditorFlags: 0
  m_IsActive: 1
--- !u!4 &8429288114264675493
Transform:
  m_ObjectHideFlags: 0
  m_CorrespondingSourceObject: {fileID: 0}
  m_PrefabInstance: {fileID: 0}
  m_PrefabAsset: {fileID: 0}
  m_GameObject: {fileID: 7291471292981885946}
  serializedVersion: 2
  m_LocalRotation: {x: 0, y: -0, z: -0, w: 1}
  m_LocalPosition: {x: -0.19862437, y: 0, z: -1.1925345e-17}
  m_LocalScale: {x: 1, y: 1, z: 1}
  m_ConstrainProportionsScale: 0
  m_Children: []
  m_Father: {fileID: 3657582091910850332}
  m_LocalEulerAnglesHint: {x: 0, y: 0, z: 0}
--- !u!1 &7474746966585971117
GameObject:
  m_ObjectHideFlags: 0
  m_CorrespondingSourceObject: {fileID: 0}
  m_PrefabInstance: {fileID: 0}
  m_PrefabAsset: {fileID: 0}
  serializedVersion: 6
  m_Component:
  - component: {fileID: 1346592160695774659}
  - component: {fileID: 4111763136252624956}
  m_Layer: 0
  m_Name: FlameAngelfish_body1
  m_TagString: Untagged
  m_Icon: {fileID: 0}
  m_NavMeshLayer: 0
  m_StaticEditorFlags: 0
  m_IsActive: 1
--- !u!4 &1346592160695774659
Transform:
  m_ObjectHideFlags: 0
  m_CorrespondingSourceObject: {fileID: 0}
  m_PrefabInstance: {fileID: 0}
  m_PrefabAsset: {fileID: 0}
  m_GameObject: {fileID: 7474746966585971117}
  serializedVersion: 2
  m_LocalRotation: {x: 0, y: -0, z: -0, w: 1}
  m_LocalPosition: {x: -0, y: 0, z: 0}
  m_LocalScale: {x: 1, y: 1, z: 1}
  m_ConstrainProportionsScale: 0
  m_Children: []
  m_Father: {fileID: 5660847821636422466}
  m_LocalEulerAnglesHint: {x: 0, y: 0, z: 0}
--- !u!137 &4111763136252624956
SkinnedMeshRenderer:
  m_ObjectHideFlags: 0
  m_CorrespondingSourceObject: {fileID: 0}
  m_PrefabInstance: {fileID: 0}
  m_PrefabAsset: {fileID: 0}
  m_GameObject: {fileID: 7474746966585971117}
  m_Enabled: 1
  m_CastShadows: 1
  m_ReceiveShadows: 1
  m_DynamicOccludee: 1
  m_StaticShadowCaster: 0
  m_MotionVectors: 1
  m_LightProbeUsage: 1
  m_ReflectionProbeUsage: 1
  m_RayTracingMode: 3
  m_RayTraceProcedural: 0
  m_RenderingLayerMask: 1
  m_RendererPriority: 0
  m_Materials:
  - {fileID: 2100000, guid: 4b0895431c36b224a937971f6dce392f, type: 2}
  m_StaticBatchInfo:
    firstSubMesh: 0
    subMeshCount: 0
  m_StaticBatchRoot: {fileID: 0}
  m_ProbeAnchor: {fileID: 0}
  m_LightProbeVolumeOverride: {fileID: 0}
  m_ScaleInLightmap: 1
  m_ReceiveGI: 1
  m_PreserveUVs: 0
  m_IgnoreNormalsForChartDetection: 0
  m_ImportantGI: 0
  m_StitchLightmapSeams: 1
  m_SelectedEditorRenderState: 3
  m_MinimumChartSize: 4
  m_AutoUVMaxDistance: 0.5
  m_AutoUVMaxAngle: 89
  m_LightmapParameters: {fileID: 0}
  m_SortingLayerID: 0
  m_SortingLayer: 0
  m_SortingOrder: 0
  serializedVersion: 2
  m_Quality: 0
  m_UpdateWhenOffscreen: 0
  m_SkinnedMotionVectors: 1
  m_Mesh: {fileID: 7120115196582728200, guid: 9644dbd8d0cbd404fbf7edf1f3230a40, type: 3}
  m_Bones:
  - {fileID: 201129509966112961}
  - {fileID: 5391579520449933945}
  - {fileID: 215001945744434663}
  - {fileID: 1439411070690831739}
  - {fileID: 1241119002378346156}
  - {fileID: 1568352567515766451}
  - {fileID: 7818578000812854433}
  - {fileID: 5683650900363780246}
  - {fileID: 4512302137854741426}
  - {fileID: 2077375226220172592}
  - {fileID: 8539664410856856554}
  - {fileID: 4435741850921096102}
  - {fileID: 4508983475842033027}
  - {fileID: 8695480281237403669}
  - {fileID: 2140640336260323256}
  - {fileID: 1313312160304546075}
  - {fileID: 3572221182858102025}
  - {fileID: 4635299547148380975}
  - {fileID: 2122521162734056146}
  - {fileID: 702573631887191222}
  - {fileID: 4144482681586247184}
  - {fileID: 1046362242674302796}
  - {fileID: 7504856104677183622}
  - {fileID: 4350744824984724727}
  - {fileID: 6117037674563138028}
  - {fileID: 883510695850987046}
  - {fileID: 3390820108834202325}
  - {fileID: 4839451283227720503}
  - {fileID: 2900123004657666482}
  - {fileID: 8450862910215420767}
  - {fileID: 593237137623067475}
  - {fileID: 2219530262829250234}
  - {fileID: 714938625759186949}
  - {fileID: 6356455133532101759}
  - {fileID: 704289394558912090}
  - {fileID: 3657582091910850332}
  - {fileID: 8429288114264675493}
  - {fileID: 4813545145478766709}
  - {fileID: 3393829362271392396}
  - {fileID: 5934748863712522256}
  - {fileID: 680448190023670600}
  - {fileID: 954442475317569515}
  - {fileID: 7041612003437695264}
  - {fileID: 633479222696202007}
  - {fileID: 4967714539996208903}
  - {fileID: 500308566007740483}
  - {fileID: 5012993320714436111}
  - {fileID: 2101698527096035456}
  - {fileID: 7264651566755931804}
  - {fileID: 1997112551909450404}
  - {fileID: 2093430307231000115}
  - {fileID: 3651188544881554235}
  - {fileID: 1063072330951219823}
  - {fileID: 8398835478779625917}
  - {fileID: 8861701457935005197}
  - {fileID: 5350394170785177577}
  - {fileID: 2577231468329662064}
  - {fileID: 5840781001845455012}
  - {fileID: 8207713301804167229}
  - {fileID: 7141144888596721142}
  - {fileID: 3335565444371526499}
  - {fileID: 7870337827500533878}
  - {fileID: 3918282707155782603}
  m_BlendShapeWeights: []
  m_RootBone: {fileID: 201129509966112961}
  m_AABB:
    m_Center: {x: -0.77357376, y: 0.49649948, z: 0.1523307}
    m_Extent: {x: 1.6859144, y: 1.412945, z: 0.63667613}
  m_DirtyAABB: 0
--- !u!1 &7623897606336656535
GameObject:
  m_ObjectHideFlags: 0
  m_CorrespondingSourceObject: {fileID: 0}
  m_PrefabInstance: {fileID: 0}
  m_PrefabAsset: {fileID: 0}
  serializedVersion: 6
  m_Component:
  - component: {fileID: 2101698527096035456}
  m_Layer: 0
  m_Name: FlameAngelfish_gills_l_tip
  m_TagString: Untagged
  m_Icon: {fileID: 0}
  m_NavMeshLayer: 0
  m_StaticEditorFlags: 0
  m_IsActive: 1
--- !u!4 &2101698527096035456
Transform:
  m_ObjectHideFlags: 0
  m_CorrespondingSourceObject: {fileID: 0}
  m_PrefabInstance: {fileID: 0}
  m_PrefabAsset: {fileID: 0}
  m_GameObject: {fileID: 7623897606336656535}
  serializedVersion: 2
  m_LocalRotation: {x: 0.18317887, y: 0.97296256, z: 0.026027426, w: -0.1382458}
  m_LocalPosition: {x: 0.36646977, y: 0.00000007975134, z: 0.000000045218204}
  m_LocalScale: {x: 1, y: 1, z: 1}
  m_ConstrainProportionsScale: 0
  m_Children: []
  m_Father: {fileID: 5012993320714436111}
  m_LocalEulerAnglesHint: {x: 0, y: 0, z: 0}
--- !u!1 &7640276712912793878
GameObject:
  m_ObjectHideFlags: 0
  m_CorrespondingSourceObject: {fileID: 0}
  m_PrefabInstance: {fileID: 0}
  m_PrefabAsset: {fileID: 0}
  serializedVersion: 6
  m_Component:
  - component: {fileID: 2122521162734056146}
  m_Layer: 0
  m_Name: FlameAngelfish_fin_pectoral3_tip
  m_TagString: Untagged
  m_Icon: {fileID: 0}
  m_NavMeshLayer: 0
  m_StaticEditorFlags: 0
  m_IsActive: 1
--- !u!4 &2122521162734056146
Transform:
  m_ObjectHideFlags: 0
  m_CorrespondingSourceObject: {fileID: 0}
  m_PrefabInstance: {fileID: 0}
  m_PrefabAsset: {fileID: 0}
  m_GameObject: {fileID: 7640276712912793878}
  serializedVersion: 2
  m_LocalRotation: {x: 0, y: -0, z: -0, w: 1}
  m_LocalPosition: {x: -0.40009066, y: 0.00016415179, z: -2.985638e-17}
  m_LocalScale: {x: 1, y: 1, z: 1}
  m_ConstrainProportionsScale: 0
  m_Children: []
  m_Father: {fileID: 4635299547148380975}
  m_LocalEulerAnglesHint: {x: 0, y: 0, z: 0}
--- !u!1 &7660753089245572264
GameObject:
  m_ObjectHideFlags: 0
  m_CorrespondingSourceObject: {fileID: 0}
  m_PrefabInstance: {fileID: 0}
  m_PrefabAsset: {fileID: 0}
  serializedVersion: 6
  m_Component:
  - component: {fileID: 5350394170785177577}
  m_Layer: 0
  m_Name: FlameAngelfish_fin_r_4
  m_TagString: Untagged
  m_Icon: {fileID: 0}
  m_NavMeshLayer: 0
  m_StaticEditorFlags: 0
  m_IsActive: 1
--- !u!4 &5350394170785177577
Transform:
  m_ObjectHideFlags: 0
  m_CorrespondingSourceObject: {fileID: 0}
  m_PrefabInstance: {fileID: 0}
  m_PrefabAsset: {fileID: 0}
  m_GameObject: {fileID: 7660753089245572264}
  serializedVersion: 2
  m_LocalRotation: {x: -0.12764268, y: 0.49451125, z: 0.5492156, w: 0.66145915}
  m_LocalPosition: {x: 0.037381552, y: -0.069238774, z: 0.035752885}
  m_LocalScale: {x: 1, y: 1, z: 1}
  m_ConstrainProportionsScale: 0
  m_Children:
  - {fileID: 4232440966346863051}
  m_Father: {fileID: 8398835478779625917}
  m_LocalEulerAnglesHint: {x: 0, y: 0, z: 0}
--- !u!1 &7722099282908186364
GameObject:
  m_ObjectHideFlags: 0
  m_CorrespondingSourceObject: {fileID: 0}
  m_PrefabInstance: {fileID: 0}
  m_PrefabAsset: {fileID: 0}
  serializedVersion: 6
  m_Component:
  - component: {fileID: 7818578000812854433}
  m_Layer: 0
  m_Name: FlameAngelfish_spine_3
  m_TagString: Untagged
  m_Icon: {fileID: 0}
  m_NavMeshLayer: 0
  m_StaticEditorFlags: 0
  m_IsActive: 1
--- !u!4 &7818578000812854433
Transform:
  m_ObjectHideFlags: 0
  m_CorrespondingSourceObject: {fileID: 0}
  m_PrefabInstance: {fileID: 0}
  m_PrefabAsset: {fileID: 0}
  m_GameObject: {fileID: 7722099282908186364}
  serializedVersion: 2
  m_LocalRotation: {x: 0.004873202, y: 0.05851288, z: -0.0002856379, w: 0.99827474}
  m_LocalPosition: {x: -0.42000002, y: -1.2434498e-16, z: -1.2434498e-16}
  m_LocalScale: {x: 1, y: 1, z: 1}
  m_ConstrainProportionsScale: 0
  m_Children:
  - {fileID: 883510695850987046}
  - {fileID: 4839451283227720503}
  - {fileID: 5683650900363780246}
  - {fileID: 7504856104677183622}
  m_Father: {fileID: 1568352567515766451}
  m_LocalEulerAnglesHint: {x: 0, y: 0, z: 0}
--- !u!1 &7819781841692785145
GameObject:
  m_ObjectHideFlags: 0
  m_CorrespondingSourceObject: {fileID: 0}
  m_PrefabInstance: {fileID: 0}
  m_PrefabAsset: {fileID: 0}
  serializedVersion: 6
  m_Component:
  - component: {fileID: 6117037674563138028}
  m_Layer: 0
  m_Name: FlameAngelfish_spine_fin6_tip
  m_TagString: Untagged
  m_Icon: {fileID: 0}
  m_NavMeshLayer: 0
  m_StaticEditorFlags: 0
  m_IsActive: 1
--- !u!4 &6117037674563138028
Transform:
  m_ObjectHideFlags: 0
  m_CorrespondingSourceObject: {fileID: 0}
  m_PrefabInstance: {fileID: 0}
  m_PrefabAsset: {fileID: 0}
  m_GameObject: {fileID: 7819781841692785145}
  serializedVersion: 2
  m_LocalRotation: {x: 0, y: -0, z: -0, w: 1}
  m_LocalPosition: {x: -0.21992692, y: -2.4868996e-16, z: -1.4764712e-17}
  m_LocalScale: {x: 1, y: 1, z: 1}
  m_ConstrainProportionsScale: 0
  m_Children: []
  m_Father: {fileID: 4350744824984724727}
  m_LocalEulerAnglesHint: {x: 0, y: 0, z: 0}
--- !u!1 &7917551872001009748
GameObject:
  m_ObjectHideFlags: 0
  m_CorrespondingSourceObject: {fileID: 0}
  m_PrefabInstance: {fileID: 0}
  m_PrefabAsset: {fileID: 0}
  serializedVersion: 6
  m_Component:
  - component: {fileID: 2093430307231000115}
  m_Layer: 0
  m_Name: FlameAngelfish_fin_pectoralFront_l_1
  m_TagString: Untagged
  m_Icon: {fileID: 0}
  m_NavMeshLayer: 0
  m_StaticEditorFlags: 0
  m_IsActive: 1
--- !u!4 &2093430307231000115
Transform:
  m_ObjectHideFlags: 0
  m_CorrespondingSourceObject: {fileID: 0}
  m_PrefabInstance: {fileID: 0}
  m_PrefabAsset: {fileID: 0}
  m_GameObject: {fileID: 7917551872001009748}
  serializedVersion: 2
  m_LocalRotation: {x: 0.017454594, y: 0.034198023, z: 0.22038522, w: 0.974657}
  m_LocalPosition: {x: -0.030283531, y: -0.6614225, z: 0.03309137}
  m_LocalScale: {x: 1, y: 1, z: 1}
  m_ConstrainProportionsScale: 0
  m_Children:
  - {fileID: 3651188544881554235}
  m_Father: {fileID: 5391579520449933945}
  m_LocalEulerAnglesHint: {x: 0, y: 0, z: 0}
--- !u!1 &8374836529189735251
GameObject:
  m_ObjectHideFlags: 0
  m_CorrespondingSourceObject: {fileID: 0}
  m_PrefabInstance: {fileID: 0}
  m_PrefabAsset: {fileID: 0}
  serializedVersion: 6
  m_Component:
  - component: {fileID: 1046362242674302796}
  m_Layer: 0
  m_Name: FlameAngelfish_fin_pectoral4_tip
  m_TagString: Untagged
  m_Icon: {fileID: 0}
  m_NavMeshLayer: 0
  m_StaticEditorFlags: 0
  m_IsActive: 1
--- !u!4 &1046362242674302796
Transform:
  m_ObjectHideFlags: 0
  m_CorrespondingSourceObject: {fileID: 0}
  m_PrefabInstance: {fileID: 0}
  m_PrefabAsset: {fileID: 0}
  m_GameObject: {fileID: 8374836529189735251}
  serializedVersion: 2
  m_LocalRotation: {x: 0, y: -0, z: -0, w: 1}
  m_LocalPosition: {x: -0.3587173, y: -2.4868996e-16, z: -2.848165e-17}
  m_LocalScale: {x: 1, y: 1, z: 1}
  m_ConstrainProportionsScale: 0
  m_Children: []
  m_Father: {fileID: 4144482681586247184}
  m_LocalEulerAnglesHint: {x: 0, y: 0, z: 0}
--- !u!1 &8484379030495683182
GameObject:
  m_ObjectHideFlags: 0
  m_CorrespondingSourceObject: {fileID: 0}
  m_PrefabInstance: {fileID: 0}
  m_PrefabAsset: {fileID: 0}
  serializedVersion: 6
  m_Component:
  - component: {fileID: 3105395108825711929}
  m_Layer: 0
  m_Name: FlameAngelfish_fin_pectoralFront_r_4
  m_TagString: Untagged
  m_Icon: {fileID: 0}
  m_NavMeshLayer: 0
  m_StaticEditorFlags: 0
  m_IsActive: 1
--- !u!4 &3105395108825711929
Transform:
  m_ObjectHideFlags: 0
  m_CorrespondingSourceObject: {fileID: 0}
  m_PrefabInstance: {fileID: 0}
  m_PrefabAsset: {fileID: 0}
  m_GameObject: {fileID: 8484379030495683182}
  serializedVersion: 2
  m_LocalRotation: {x: 0.0014048242, y: -0.13372669, z: 0.013802347, w: 0.99092114}
  m_LocalPosition: {x: -0.21503517, y: -0.0048342026, z: -0.0011895922}
  m_LocalScale: {x: 1, y: 1, z: 1}
  m_ConstrainProportionsScale: 0
  m_Children:
  - {fileID: 133059103320790659}
  m_Father: {fileID: 2644874731090227710}
  m_LocalEulerAnglesHint: {x: 0, y: 0, z: 0}
--- !u!1 &8534797865401211753
GameObject:
  m_ObjectHideFlags: 0
  m_CorrespondingSourceObject: {fileID: 0}
  m_PrefabInstance: {fileID: 0}
  m_PrefabAsset: {fileID: 0}
  serializedVersion: 6
  m_Component:
  - component: {fileID: 8398835478779625917}
  m_Layer: 0
  m_Name: FlameAngelfish_fin_r
  m_TagString: Untagged
  m_Icon: {fileID: 0}
  m_NavMeshLayer: 0
  m_StaticEditorFlags: 0
  m_IsActive: 1
--- !u!4 &8398835478779625917
Transform:
  m_ObjectHideFlags: 0
  m_CorrespondingSourceObject: {fileID: 0}
  m_PrefabInstance: {fileID: 0}
  m_PrefabAsset: {fileID: 0}
  m_GameObject: {fileID: 8534797865401211753}
  serializedVersion: 2
  m_LocalRotation: {x: 0.25760156, y: -0.5236792, z: -0.35416052, w: 0.7307338}
  m_LocalPosition: {x: -0.19081748, y: -0.22406262, z: -0.23966146}
  m_LocalScale: {x: 1, y: 1, z: 1}
  m_ConstrainProportionsScale: 0
  m_Children:
  - {fileID: 8861701457935005197}
  - {fileID: 5840781001845455012}
  - {fileID: 2577231468329662064}
  - {fileID: 5350394170785177577}
  m_Father: {fileID: 5391579520449933945}
  m_LocalEulerAnglesHint: {x: 0, y: 0, z: 0}
--- !u!1 &8586689541628522616
GameObject:
  m_ObjectHideFlags: 0
  m_CorrespondingSourceObject: {fileID: 0}
  m_PrefabInstance: {fileID: 0}
  m_PrefabAsset: {fileID: 0}
  serializedVersion: 6
  m_Component:
  - component: {fileID: 2077375226220172592}
  m_Layer: 0
  m_Name: FlameAngelfish_tail_2
  m_TagString: Untagged
  m_Icon: {fileID: 0}
  m_NavMeshLayer: 0
  m_StaticEditorFlags: 0
  m_IsActive: 1
--- !u!4 &2077375226220172592
Transform:
  m_ObjectHideFlags: 0
  m_CorrespondingSourceObject: {fileID: 0}
  m_PrefabInstance: {fileID: 0}
  m_PrefabAsset: {fileID: 0}
  m_GameObject: {fileID: 8586689541628522616}
  serializedVersion: 2
  m_LocalRotation: {x: 0, y: 0.17270096, z: -0, w: 0.9849743}
  m_LocalPosition: {x: -0.28, y: 1.2434498e-16, z: 0}
  m_LocalScale: {x: 1, y: 1, z: 1}
  m_ConstrainProportionsScale: 0
  m_Children:
  - {fileID: 7467475259062104510}
  m_Father: {fileID: 4512302137854741426}
  m_LocalEulerAnglesHint: {x: 0, y: 0, z: 0}
--- !u!1 &8746142882895247257
GameObject:
  m_ObjectHideFlags: 0
  m_CorrespondingSourceObject: {fileID: 0}
  m_PrefabInstance: {fileID: 0}
  m_PrefabAsset: {fileID: 0}
  serializedVersion: 6
  m_Component:
  - component: {fileID: 4635299547148380975}
  m_Layer: 0
  m_Name: FlameAngelfish_fin_pectoral3_2
  m_TagString: Untagged
  m_Icon: {fileID: 0}
  m_NavMeshLayer: 0
  m_StaticEditorFlags: 0
  m_IsActive: 1
--- !u!4 &4635299547148380975
Transform:
  m_ObjectHideFlags: 0
  m_CorrespondingSourceObject: {fileID: 0}
  m_PrefabInstance: {fileID: 0}
  m_PrefabAsset: {fileID: 0}
  m_GameObject: {fileID: 8746142882895247257}
  serializedVersion: 2
  m_LocalRotation: {x: 0, y: -0, z: -0.016079947, w: 0.9998707}
  m_LocalPosition: {x: -0.2530217, y: -0.0042269356, z: -1.7650875e-17}
  m_LocalScale: {x: 1, y: 1, z: 1}
  m_ConstrainProportionsScale: 0
  m_Children:
  - {fileID: 2122521162734056146}
  m_Father: {fileID: 3572221182858102025}
  m_LocalEulerAnglesHint: {x: 0, y: 0, z: 0}
--- !u!1 &8901284043140580346
GameObject:
  m_ObjectHideFlags: 0
  m_CorrespondingSourceObject: {fileID: 0}
  m_PrefabInstance: {fileID: 0}
  m_PrefabAsset: {fileID: 0}
  serializedVersion: 6
  m_Component:
  - component: {fileID: 5391579520449933945}
  m_Layer: 0
  m_Name: FlameAngelfish_spine_0
  m_TagString: Untagged
  m_Icon: {fileID: 0}
  m_NavMeshLayer: 0
  m_StaticEditorFlags: 0
  m_IsActive: 1
--- !u!4 &5391579520449933945
Transform:
  m_ObjectHideFlags: 0
  m_CorrespondingSourceObject: {fileID: 0}
  m_PrefabInstance: {fileID: 0}
  m_PrefabAsset: {fileID: 0}
  m_GameObject: {fileID: 8901284043140580346}
  serializedVersion: 2
  m_LocalRotation: {x: 0.048815027, y: 0.99763656, z: -0.01912383, w: -0.044415407}
  m_LocalPosition: {x: -1.7595727, y: 0.45969692, z: 0.19218352}
  m_LocalScale: {x: 1, y: 1, z: 1}
  m_ConstrainProportionsScale: 0
  m_Children:
  - {fileID: 8207713301804167229}
  - {fileID: 2093430307231000115}
  - {fileID: 7264651566755931804}
  - {fileID: 8398835478779625917}
  - {fileID: 4813545145478766709}
  - {fileID: 1241119002378346156}
  - {fileID: 215001945744434663}
  m_Father: {fileID: 201129509966112961}
  m_LocalEulerAnglesHint: {x: 0, y: 0, z: 0}
--- !u!1 &9003779466285869730
GameObject:
  m_ObjectHideFlags: 0
  m_CorrespondingSourceObject: {fileID: 0}
  m_PrefabInstance: {fileID: 0}
  m_PrefabAsset: {fileID: 0}
  serializedVersion: 6
  m_Component:
  - component: {fileID: 4232440966346863051}
  m_Layer: 0
  m_Name: FlameAngelfish_fin_r_4_tip
  m_TagString: Untagged
  m_Icon: {fileID: 0}
  m_NavMeshLayer: 0
  m_StaticEditorFlags: 0
  m_IsActive: 1
--- !u!4 &4232440966346863051
Transform:
  m_ObjectHideFlags: 0
  m_CorrespondingSourceObject: {fileID: 0}
  m_PrefabInstance: {fileID: 0}
  m_PrefabAsset: {fileID: 0}
  m_GameObject: {fileID: 9003779466285869730}
  serializedVersion: 2
  m_LocalRotation: {x: 0.16313331, y: 0.6880316, z: -0.16313331, w: 0.6880316}
  m_LocalPosition: {x: -0.3068491, y: -0.015669292, z: 0.0018505253}
  m_LocalScale: {x: 1, y: 1, z: 1}
  m_ConstrainProportionsScale: 0
  m_Children: []
  m_Father: {fileID: 5350394170785177577}
  m_LocalEulerAnglesHint: {x: 0, y: 0, z: 0}
--- !u!1 &9021602533102649662
GameObject:
  m_ObjectHideFlags: 0
  m_CorrespondingSourceObject: {fileID: 0}
  m_PrefabInstance: {fileID: 0}
  m_PrefabAsset: {fileID: 0}
  serializedVersion: 6
  m_Component:
  - component: {fileID: 1928794224107844277}
  m_Layer: 0
  m_Name: FlameAngelfish_fin_pectoralFront_l_4
  m_TagString: Untagged
  m_Icon: {fileID: 0}
  m_NavMeshLayer: 0
  m_StaticEditorFlags: 0
  m_IsActive: 1
--- !u!4 &1928794224107844277
Transform:
  m_ObjectHideFlags: 0
  m_CorrespondingSourceObject: {fileID: 0}
  m_PrefabInstance: {fileID: 0}
  m_PrefabAsset: {fileID: 0}
  m_GameObject: {fileID: 9021602533102649662}
  serializedVersion: 2
  m_LocalRotation: {x: -0.002658447, y: 0.1283205, z: 0.025642242, w: 0.9913976}
  m_LocalPosition: {x: -0.21535264, y: -0.0045571085, z: 0.004371178}
  m_LocalScale: {x: 1, y: 1, z: 1}
  m_ConstrainProportionsScale: 0
  m_Children:
  - {fileID: 3141746484388210260}
  m_Father: {fileID: 1063072330951219823}
  m_LocalEulerAnglesHint: {x: 0, y: 0, z: 0}
--- !u!1 &9041903996793303700
GameObject:
  m_ObjectHideFlags: 0
  m_CorrespondingSourceObject: {fileID: 0}
  m_PrefabInstance: {fileID: 0}
  m_PrefabAsset: {fileID: 0}
  serializedVersion: 6
  m_Component:
  - component: {fileID: 133059103320790659}
  m_Layer: 0
  m_Name: FlameAngelfish_fin_pectoralFront_r_5
  m_TagString: Untagged
  m_Icon: {fileID: 0}
  m_NavMeshLayer: 0
  m_StaticEditorFlags: 0
  m_IsActive: 1
--- !u!4 &133059103320790659
Transform:
  m_ObjectHideFlags: 0
  m_CorrespondingSourceObject: {fileID: 0}
  m_PrefabInstance: {fileID: 0}
  m_PrefabAsset: {fileID: 0}
  m_GameObject: {fileID: 9041903996793303700}
  serializedVersion: 2
  m_LocalRotation: {x: -0.000015710259, y: -0.20456527, z: 0.2024292, w: 0.9576928}
  m_LocalPosition: {x: -0.20449731, y: -0.009657897, z: -0.000012493606}
  m_LocalScale: {x: 1, y: 1, z: 1}
  m_ConstrainProportionsScale: 0
  m_Children:
  - {fileID: 4852728541883410755}
  m_Father: {fileID: 3105395108825711929}
  m_LocalEulerAnglesHint: {x: 0, y: 0, z: 0}
--- !u!1 &9115502901880193497
GameObject:
  m_ObjectHideFlags: 0
  m_CorrespondingSourceObject: {fileID: 0}
  m_PrefabInstance: {fileID: 0}
  m_PrefabAsset: {fileID: 0}
  serializedVersion: 6
  m_Component:
  - component: {fileID: 8695480281237403669}
  m_Layer: 0
  m_Name: FlameAngelfish_spine_fin8_1
  m_TagString: Untagged
  m_Icon: {fileID: 0}
  m_NavMeshLayer: 0
  m_StaticEditorFlags: 0
  m_IsActive: 1
--- !u!4 &8695480281237403669
Transform:
  m_ObjectHideFlags: 0
  m_CorrespondingSourceObject: {fileID: 0}
  m_PrefabInstance: {fileID: 0}
  m_PrefabAsset: {fileID: 0}
  m_GameObject: {fileID: 9115502901880193497}
  serializedVersion: 2
  m_LocalRotation: {x: 0.05318273, y: 0.1413065, z: -0.34820467, w: 0.9251798}
  m_LocalPosition: {x: -0.30519706, y: 0.23201378, z: -1.2037167e-15}
  m_LocalScale: {x: 1, y: 1, z: 1}
  m_ConstrainProportionsScale: 0
  m_Children:
  - {fileID: 2140640336260323256}
  m_Father: {fileID: 5683650900363780246}
  m_LocalEulerAnglesHint: {x: 0, y: 0, z: 0}
--- !u!1 &9132457731131765008
GameObject:
  m_ObjectHideFlags: 0
  m_CorrespondingSourceObject: {fileID: 0}
  m_PrefabInstance: {fileID: 0}
  m_PrefabAsset: {fileID: 0}
  serializedVersion: 6
  m_Component:
  - component: {fileID: 831150718524682419}
  m_Layer: 0
  m_Name: FlameAngelfish_fin_l_3_tip
  m_TagString: Untagged
  m_Icon: {fileID: 0}
  m_NavMeshLayer: 0
  m_StaticEditorFlags: 0
  m_IsActive: 1
--- !u!4 &831150718524682419
Transform:
  m_ObjectHideFlags: 0
  m_CorrespondingSourceObject: {fileID: 0}
  m_PrefabInstance: {fileID: 0}
  m_PrefabAsset: {fileID: 0}
  m_GameObject: {fileID: 9132457731131765008}
  serializedVersion: 2
  m_LocalRotation: {x: -0.09308018, y: -0.7009537, z: -0.09308018, w: 0.7009537}
  m_LocalPosition: {x: -0.53995645, y: 0.02770852, z: 0.0017131336}
  m_LocalScale: {x: 1, y: 1, z: 1}
  m_ConstrainProportionsScale: 0
  m_Children: []
  m_Father: {fileID: 7870337827500533878}
  m_LocalEulerAnglesHint: {x: 0, y: 0, z: 0}
--- !u!1001 &5539255492689796246
PrefabInstance:
  m_ObjectHideFlags: 0
  serializedVersion: 2
  m_Modification:
    serializedVersion: 3
    m_TransformParent: {fileID: 0}
    m_Modifications:
    - target: {fileID: 1466454873997881115, guid: 828404182ef934740a231926a63fa79f, type: 3}
      propertyPath: m_LocalPosition.y
      value: -0.28
      objectReference: {fileID: 0}
    - target: {fileID: 1466454873997881115, guid: 828404182ef934740a231926a63fa79f, type: 3}
      propertyPath: m_LocalPosition.z
      value: 8.9
      objectReference: {fileID: 0}
    - target: {fileID: 3941253351728830362, guid: 828404182ef934740a231926a63fa79f, type: 3}
      propertyPath: m_Name
      value: Fish - FlameAngelfish
      objectReference: {fileID: 0}
    - target: {fileID: 4465870599720078624, guid: 828404182ef934740a231926a63fa79f, type: 3}
      propertyPath: m_LocalPosition.x
      value: -80.642334
      objectReference: {fileID: 0}
    - target: {fileID: 4465870599720078624, guid: 828404182ef934740a231926a63fa79f, type: 3}
      propertyPath: m_LocalPosition.y
      value: -36.23
      objectReference: {fileID: 0}
    - target: {fileID: 4465870599720078624, guid: 828404182ef934740a231926a63fa79f, type: 3}
      propertyPath: m_LocalPosition.z
      value: -15.009216
      objectReference: {fileID: 0}
    - target: {fileID: 4465870599720078624, guid: 828404182ef934740a231926a63fa79f, type: 3}
      propertyPath: m_LocalRotation.w
      value: 1
      objectReference: {fileID: 0}
    - target: {fileID: 4465870599720078624, guid: 828404182ef934740a231926a63fa79f, type: 3}
      propertyPath: m_LocalRotation.x
      value: 0
      objectReference: {fileID: 0}
    - target: {fileID: 4465870599720078624, guid: 828404182ef934740a231926a63fa79f, type: 3}
      propertyPath: m_LocalRotation.y
      value: 0
      objectReference: {fileID: 0}
    - target: {fileID: 4465870599720078624, guid: 828404182ef934740a231926a63fa79f, type: 3}
      propertyPath: m_LocalRotation.z
      value: 0
      objectReference: {fileID: 0}
    - target: {fileID: 4465870599720078624, guid: 828404182ef934740a231926a63fa79f, type: 3}
      propertyPath: m_LocalEulerAnglesHint.x
      value: 0
      objectReference: {fileID: 0}
    - target: {fileID: 4465870599720078624, guid: 828404182ef934740a231926a63fa79f, type: 3}
      propertyPath: m_LocalEulerAnglesHint.y
      value: 0
      objectReference: {fileID: 0}
    - target: {fileID: 4465870599720078624, guid: 828404182ef934740a231926a63fa79f, type: 3}
      propertyPath: m_LocalEulerAnglesHint.z
      value: 0
      objectReference: {fileID: 0}
    - target: {fileID: 6207873800402689881, guid: 828404182ef934740a231926a63fa79f, type: 3}
      propertyPath: m_Size.y
      value: 7.782612
      objectReference: {fileID: 0}
    - target: {fileID: 6207873800402689881, guid: 828404182ef934740a231926a63fa79f, type: 3}
      propertyPath: m_Size.z
      value: 14.252911
      objectReference: {fileID: 0}
    - target: {fileID: 6207873800402689881, guid: 828404182ef934740a231926a63fa79f, type: 3}
      propertyPath: m_Center.y
      value: -0.33712196
      objectReference: {fileID: 0}
    - target: {fileID: 6207873800402689881, guid: 828404182ef934740a231926a63fa79f, type: 3}
      propertyPath: m_Center.z
      value: -2.4856758
      objectReference: {fileID: 0}
    m_RemovedComponents: []
    m_RemovedGameObjects:
    - {fileID: 2323243065468985711, guid: 828404182ef934740a231926a63fa79f, type: 3}
    m_AddedGameObjects:
    - targetCorrespondingSourceObject: {fileID: 4465870599720078624, guid: 828404182ef934740a231926a63fa79f, type: 3}
      insertIndex: -1
      addedObject: {fileID: 5660847821636422466}
    m_AddedComponents: []
  m_SourcePrefab: {fileID: 100100000, guid: 828404182ef934740a231926a63fa79f, type: 3}
--- !u!4 &8153369254830608822 stripped
Transform:
  m_CorrespondingSourceObject: {fileID: 4465870599720078624, guid: 828404182ef934740a231926a63fa79f, type: 3}
  m_PrefabInstance: {fileID: 5539255492689796246}
  m_PrefabAsset: {fileID: 0}
